 Dungeon Crawl Stone Soup version 0.31-a0-702-gf82c85558f (webtiles) character file.

Game seed: 12978378077482749818

274691 qw the Slayer (level 20, -7/147 HPs)
             Began as a Gargoyle Hunter on Sept 8, 2023.
             Was a High Priest of Okawaru.
             Mangled by a vault guard
             ... wielding a +3 long sword
              (10 damage)
             ... on level 4 of the Vaults.
             The game lasted 00:23:46 (42029 turns).

qw the Slayer (Gargoyle Hunter)                    Turns: 42029, Time: 00:23:46

Health: -7/147     AC: 37    Str: 15    XL:     20   Next: 72%
Magic:  27/27      EV: 24    Int: 13    God:    Okawaru [*****.]
Gold:   934        SH:  0    Dex: 22    Spells: 19/19 levels left

rFire   x x .        C - +27 heavy crossbow "Sniper" {heavy, Acc+∞ SInv}
rCold   + + .        (shield currently unavailable)
rNeg    + . .        E - +2 ring mail of Xom's Righteous Fury {Will+++ Str-3 SInv Stlth-}
rPois   inf          p - +2 hat "Ythroele" {Dex+3}
rElec   +            b - +0 cloak
rCorr   .            d - +2 pair of gloves
SInv    +            q - +1 pair of boots
Will    ++++.        l - amulet of the acrobat
Stlth   ++           e - ring of ice
HPRegen 0.44/turn    o - ring of Wu Jian's Generosity {Ice Str+3}
MPRegen 0.20/turn

%: acrobat
@: heroic, flying
A: sickness immunity, AC +15, big wings, negative energy resistance 1,
electricity resistance, torment resistance 1, petrification resistance
}: 1/15 runes: gossamer
a: Renounce Religion, Heroism, Finesse, Duel


You were on level 4 of the Vaults.
You worshipped Okawaru.
Okawaru was extremely pleased with you.
You visited 7 branches of the dungeon, and saw 35 of its levels.

You collected 4469 gold pieces.
You spent 3535 gold pieces at shops.


Innate Abilities, Weirdness & Mutations

You are immune to sickness and miasma.
Your stone body is resilient. (AC +15)
You are immune to poison.
Your large and strong wings let you fly.
You resist negative energy. (rN+)
You are resistant to electric shocks. (rElec)
You are resistant to unholy torment.
You are immune to petrification.


   Skills:
 + Level 22.7(27) Fighting
 - Level 22.0(27) Ranged Weapons
 - Level 14.0(19.0) Armour
 - Level 13.0(18.0) Dodging
 - Level 1.1(6.1) Stealth
 - Level 10.0 Invocations


You had 19 spell levels left.
You didn't know any spells.
Your spell library was empty.

Inventory:

Hand Weapons
 C - the +27 heavy crossbow "Sniper" (weapon) {heavy, Acc+∞ SInv}
   (You found it on level 3 of the Vaults)

   Acc+∞: It never misses its target.
   SInv:      It lets you see invisible.
Armour
 b - a +0 cloak (worn)
 d - a +2 pair of gloves (worn)
 h - the +0 ring mail "Vezaheaf" {rC- rN+ Will+ Dex+3}
   (You took it off a goblin on level 3 of the Dungeon)

   Dex+3:     It affects your dexterity (+3).
   rC-:       It makes you vulnerable to cold.
   rN+:       It protects you from negative energy.
   Will+:     It increases your willpower.
 p - the +2 hat "Ythroele" (worn) {Dex+3}
   (You found it on level 4 of the Spider Nest)

   Dex+3:     It affects your dexterity (+3).
 q - a +1 pair of boots (worn)
 s - a +0 robe of resistance
 v - a +0 troll leather armour
 A - a +1 leather armour of fire resistance
 B - a +2 leather armour of cold resistance
 E - the +2 ring mail of Xom's Righteous Fury (worn) {Will+++ Str-3 SInv Stlth-}
   (You bought it in a shop on level 1 of the Vaults)

   Str-3:     It affects your strength (-3).
   Will+++:   It greatly increases your willpower.
   SInv:      It lets you see invisible.
   Stlth-:    It makes you less stealthy.
Jewellery
 c - a ring of see invisible
 e - a ring of ice (left hand)
 i - a ring of willpower
 l - an amulet of the acrobat (around neck)
 o - the ring of Wu Jian's Generosity (right hand) {Ice Str+3}
   (You took it off a goblin on level 2 of the Dungeon)

   [ring of ice]

   Ice:       It enhances your ice magic.
   Str+3:     It affects your strength (+3).
   rF-:       It makes you vulnerable to fire.
   rC+:       It protects you from cold.
 t - a ring of fire
 y - a ring of see invisible
 D - a ring of fire
 Y - a +6 ring of strength
Wands
 j - a wand of digging (12)
Scrolls
 a - 18 scrolls of identify
 g - a scroll of enchant weapon
Potions
 f - 2 potions of resistance
 k - 9 potions of curing
 m - 11 potions of enlightenment
 n - 2 potions of magic
 r - 5 potions of haste
 w - 5 potions of mutation
 x - 2 potions of cancellation
 z - 3 potions of might

Dungeon Overview and Level Annotations

Branches:
Dungeon (15/15)            Temple (1/1) D:4            Lair (5/5) D:9
 Shoals (3/4) Lair:2       Spider (4/4) Lair:2        Slime (0/5) Lair:4
    Orc (2/2) D:12            Elf (0/3) Orc:2        Vaults (5/5) D:14
  Crypt (0/3) Vaults:2     Depths (0/4) D:15

Altars:
Ashenzari
Cheibriados
Dithmenos
Elyvilon
Fedhas
Gozag
Hepliaklqana
Kikubaaqudgha
Makhleb
Nemelex Xobeh
Okawaru
Qazlal
Ru
Sif Muna
Trog
Uskayaw
Vehumet
Wu Jian
Xom
Yredelemnul
Zin
The Shining One
Jiyva

Shops:
D:4 :   D:7 [   D:12 [   D:14 [((   Orc:2 ([*[   Vaults:1 [[=[   Vaults:3 (

Portals:
Hell: Lair:5
Trove: Vaults:2 (give +6 demon whip)

Annotations:
Lair:4 3 runed translucent doors, qw's ghost, journeyman MiHs
Orc:2 exclusions: 3 orcs and 11 orc warriors
Vaults:2 2 transporters, qw's ghost, adept GrHu


Message History

The vault guard hits you but does no damage.
The vault guard closely misses you. x2
The vault guard hits you but does no damage.
The vault guard hits you with a +1 great sword of freezing!
The vault guard freezes you. The vault guard barely misses you.
The vault guard closely misses you.
The vault guard hits you but does no damage.
You shoot a bolt. The bolt hits the vault guard!!!
You kill the vault guard!
Okawaru accepts your kill.
The vault guard hits you with a +1 great sword of freezing.
The vault guard hits you but does no damage.
The vault guard barely misses you. The vault guard completely misses you.
The vault guard closely misses you. x2; The vault guard misses you.
You shoot a bolt. The bolt hits the vault guard!
The vault guard is lightly wounded.
The vault guard closely misses you.
The vault guard hits you with a +0 war axe!!
The vault guard hits you with a +0 battleaxe.
The vault guard closely misses you.
You shoot a bolt. The bolt hits the vault guard!!!
You kill the vault guard!
Okawaru accepts your kill.
The vault guard hits you but does no damage.
The vault guard barely misses you.
The vault guard hits you with a +3 long sword.
The vault guard completely misses you. x2
The vault guard hits you but does no damage.
You shoot a bolt. The bolt hits the vault guard!!!!
You kill the vault guard!
Okawaru accepts your kill.
The vault guard no longer looks unusually strong.
The vault guard hits you but does no damage. x2
The vault guard completely misses you.
The vault guard hits you with a +3 long sword.
You shoot a bolt. The bolt hits the vault guard!
The vault guard is lightly wounded.
The vault guard completely misses you.
The vault guard hits you with a +3 long sword!
You die...

#..#........#...#....
#..#........#...#...#
#..#........#...#.#.)
#..#........#...#....
#..#....[...#...#..#.
#..#...>....#...#.##.
#..#.(......#...#....
#..pp)....[[#...#....
#..#@)....[.#...#....
#..#####'####...#....
#...............#...#
#...............#..##
#...............#....
#...............#...#
#...............#...#
#...............#....
#...............#####


You could see 2 vault guards.

Vanquished Creatures
  A dread lich (Vaults:3)
  Rupert (D:13)
  2 sphinxes
  Kirke (D:13)
  Aizul (Vaults:2)
  A deep elf sorcerer (Vaults:4)
  2 frost giants (Vaults:4)
  A fire giant (Vaults:4)
  5 emperor scorpions
  3 vault wardens
  5 ghost moths
  12 ironbound preservers
  An orc warlord (Orc:1)
  3 broodmothers
  3 formless jellyfish (Vaults:4)
  5 stone giants
  3 war gargoyles
  A deep elf annihilator (Vaults:4)
  9 ironbound thunderhulks
  6 dire elephants
  A spark wasp (Spider:4)
  A vampire knight (Vaults:2)
  An ettin (Vaults:2)
  3 crystal guardians (Vaults:4)
  A merfolk impaler (Shoals:3)
  8 yaktaur captains
  7 great orbs of eyes
  3 entropy weavers
  A deep elf high priest (Vaults:4)
  21 vault guards
  2 hydras (Lair:5)
  A merfolk avatar (Shoals:3)
  5 peacekeepers
  8 boulder beetles
  10 centaur warriors
  9 ironbound frosthearts
  2 ogre magi
  3 jorogumos
  2 catoblepae (Lair:5)
  A death knight (Vaults:2)
  8 radroaches
  3 satyrs (Shoals:3)
  8 two-headed ogres
  9 death yaks
  19 demonic crawlers
  A hell knight (D:15)
  2 skysharks
  A sixfirhy (Lair:5)
  2 shadow wraiths (Vaults:3)
  Lodul (D:10)
  Sonja (Lair:5)
  8 pharaoh ants
  24 deep trolls
  3 sun moths
  6 sea snakes
  Pikel (D:5)
  20 harpies
  A lindwurm (Vaults:2)
  4 deep elf pyromancers
  8 ironbound convokers
  13 orb spiders
  3 phantasmal warriors
  2 necromancers
  7 steelbarb worms
  3 orc knights
  3 wizards
  18 ugly things
  31 wolf spiders
  A salamander (shapeshifter) (D:15)
  2 oklob plants (Lair:3)
  15 fauns
  3 orc sorcerers (Orc:1)
  A shining eye (shapeshifter) (Vaults:1)
  6 moths of wrath
  5 cyclopes
  7 manticores
  9 merfolk sirens
  Joseph (D:7)
  Maurice (D:10)
  8 black mambas
  4 elephants (Lair:4)
  11 water nymphs
  A gargoyle (D:11)
  8 torpor snails
  10 cane toads
  8 vault sentinels
  2 unseen horrors
  5 orange demons (Lair:5)
  23 yaktaurs
  5 rime drakes (Lair:5)
  An efreet (D:14)
  6 komodo dragons
  A kobold demonologist (D:9)
  2 tengu conjurers (D:15)
  A komodo dragon (shapeshifter) (D:15)
  An ice devil (Lair:5)
  10 merfolk
  A queen bee (Spider:1)
  2 polar bears
  4 trolls
  7 wind drakes
  3 meliai
  26 blink frogs
  Prince Ribbit (D:5)
  30 tarantellas
  10 hornets
  A hellwing (Lair:5)
  A raiju (shapeshifter) (D:15)
  2 snapping turtles
  28 jumping spiders
  26 culicivoras
  5 dream sheep (Shoals:3)
  28 slime creatures
  A shadow (D:12)
  39 yaks
  3 wraiths
  3 water elementals
  Eustachio (D:5)
  A vampire (D:9)
  7 wyverns
  3 basilisks
  A basilisk (shapeshifter) (D:14)
  Grum (D:10)
  5 hogs (D:13)
  74 redbacks
  7 vampire mosquitoes
  5 wargs
  15 water moccasins
  A floating eye (Lair:3)
  3 hell hounds (Lair:5)
  Duvessa (D:6)
  A black bear (D:5)
  38 orc warriors
  2 ice beasts (D:5)
  18 ogres
  5 boggarts (D:14)
  16 wolves
  24 centaurs
  2 phantoms
  A kobold brigand (D:11)
  Blork the orc (D:6)
  2 gnoll sergeants
  5 scorpions
  9 bullfrogs
  6 wights
  Dowan (D:6)
  20 killer bees
  5 electric eels
  A howler monkey (D:9)
  7 crimson imps (D:8)
  2 hounds
  8 orc priests
  A jelly (D:5)
  A sleepcap (D:6)
  Natasha (twice) (D:3)
  13 hell rats
  3 iguanas
  27 orc wizards
  Ijyb (D:5)
  13 gnolls
  6 adders
  7 river rats (D:6)
  A shadow imp (D:8)
  3 white imps
  3 ufetubi
  A worm (D:4)
  3 dart slugs
  66 orcs
  13 endoplasms
  4 giant cockroaches
  8 goblins
  6 hobgoblins
  5 jackals
  11 quokkas
  6 ball pythons
  2 bats (D:3)
  4 frilled lizards (D:1)
  13 kobolds
  25 rats
1292 creatures vanquished.

Notes
Turn   | Place    | Note
-------+----------+-------------------------------------------
     0 | D:1      | qw the Gargoyle Hunter began the quest for the Orb.
     0 | D:1      | Reached XP level 1. HP: 12/12 MP: 1/1
     0 | D:1      | 0 ||| qw: Version: 0.3-a-76-g4403597
     0 | D:1      | 0 ||| qw: Game counter: 1222
     0 | D:1      | 0 ||| qw: Melee chars always use a shield: true
     0 | D:1      | 0 ||| qw: God list: Okawaru
     0 | D:1      | 0 ||| qw: Allow faded altars: false
     0 | D:1      | 0 ||| qw: Do Orc after clearing Dungeon:15 true
     0 | D:1      | 0 ||| qw: Do second Lair branch before Depths: true
     0 | D:1      | 0 ||| qw: Lair rune preference: random
     0 | D:1      | 0 ||| qw: Goals: Normal
     0 | D:1      | 0 ||| PLANNING D:1-11
   192 | D:1      | Reached XP level 2. HP: 17/17 MP: 2/2
   242 | D:1      | Found a faded altar of an unknown god.
   739 | D:1      | 739 ||| READING scroll labelled GEQUDI BAEHULA.
   742 | D:1      | 742 ||| READING 2 scrolls labelled XYM YSTIMOPT.
   743 | D:1      | 743 ||| READING scroll of enchant weapon.
   743 | D:1      | 743 ||| ENCHANTING +1 shortbow.
   744 | D:1      | 744 ||| READING scroll labelled NOTOCU BEF BOT.
   745 | D:1      | 745 ||| READING scroll labelled NOTUOKIPPY.
   746 | D:1      | 746 ||| READING scroll labelled ILUGOO ZYOL.
   747 | D:1      | 747 ||| READING 2 scrolls labelled HUJUAHAOKASH.
   748 | D:1      | 748 ||| READING scroll labelled DUFEISSIEBI.
   749 | D:1      | 749 ||| DROPPING scroll of butterflies.
   750 | D:1      | 750 ||| DROPPING scroll of immolation.
   899 | D:2      | Reached XP level 3. HP: 21/21 MP: 3/3
   936 | D:2      | Found a hide-covered altar of Uskayaw.
  1015 | D:2      | Identified the ring of Wu Jian's Generosity {Ice Str+3}
  1494 | D:2      | 1494 ||| UPGRADING to +0 cloak.
  1499 | D:2      | 1499 ||| UPGRADING to +2 pair of gloves.
  1504 | D:2      | 1504 ||| UPGRADING to ring of Wu Jian's Generosity {Ice
                  | Str+3}.
  1505 | D:2      | 1505 ||| READING scroll labelled CEECWA NEEDWI.
  1528 | D:3      | Reached skill level 3 in Fighting
  1676 | D:3      | Reached skill level 1 in Armour
  1676 | D:3      | Reached XP level 4. HP: 28/28 MP: 4/4
  1702 | D:3      | Identified the +0 ring mail "Vezaheaf" {rC- rN+ Will+
                  | Dex+3}
  1824 | D:3      | Noticed Natasha
  1829 | D:3      | Killed Natasha
  2224 | D:3      | Reached XP level 5. HP: 32/32 MP: 5/5
  2242 | D:3      | Noticed Natasha
  2248 | D:3      | Killed Natasha
  2249 | D:3      | Reached skill level 6 in Ranged Weapons
  2254 | D:3      | Found a white marble altar of Elyvilon.
  2304 | D:3      | 2304 ||| UPGRADING to +0 ring mail "Vezaheaf" {rC- rN+
                  | Will+ Dex+3}.
  2314 | D:3      | 2314 ||| DROPPING +0 leather armour.
  2358 | D:4      | 2358 ||| Stepping ~*~*~tactically~*~*~ (outnumbered).
  2360 | D:4      | 2360 ||| Stepping ~*~*~tactically~*~*~ (outnumbered).
  2414 | D:4      | Found a staircase to the Ecumenical Temple.
  2415 | D:4      | 2415 ||| PLANNING TEMPLE
  2478 | D:4      | Reached XP level 6. HP: 37/38 MP: 6/6
  2511 | D:4      | 2511 ||| READING scroll of enchant weapon.
  2511 | D:4      | 2511 ||| ENCHANTING +2 shortbow of draining.
  2565 | D:4      | Noticed a water moccasin
  2571 | D:4      | Killed a water moccasin
  2760 | D:4      | 2760 ||| UPGRADING to ring of willpower.
  2761 | D:4      | 2761 ||| READING scroll labelled CACHUXK VELATE.
  2762 | D:4      | 2762 ||| READING 2 scrolls of identify.
  2762 | D:4      | 2762 ||| IDENTIFYING sedimented puce potion
  2789 | Temple   | Entered the Ecumenical Temple
  2790 | Temple   | 2790 ||| PLANNING OKAWARU WORSHIP
  2796 | Temple   | Became a worshipper of Warmaster Okawaru
  2797 | Temple   | 2797 ||| PLANNING D:1-11
  2914 | D:4      | Reached XP level 7. HP: 41/43 MP: 7/7
  2995 | D:4      | Found Fept's Tremendous Tomes.
  3000 | D:4      | Identified the +7 chain mail "Qetutwig" {MP+9 Int+3}
  3027 | D:4      | 3027 ||| DRINKING 2 murky cyan potions.
  3035 | D:5      | Entered Level 5 of the Dungeon
  3035 | D:5      | Noticed Ijyb
  3038 | D:5      | Killed Ijyb
  3086 | D:5      | 3086 ||| Stepping ~*~*~tactically~*~*~ (outnumbered).
  3202 | D:5      | Noticed Prince Ribbit
  3209 | D:5      | 3209 ||| Stepping ~*~*~tactically~*~*~ (retreating).
  3211 | D:5      | Killed Prince Ribbit
  3212 | D:5      | Reached XP level 8. HP: 45/48 MP: 8/8
  3239 | D:5      | Reached * piety under Okawaru
  3321 | D:5      | Noticed Eustachio
  3322 | D:5      | 3322 ||| INVOKING Heroism.
  3324 | D:5      | 3324 ||| RETREATING.
  3334 | D:5      | Killed Eustachio
  3342 | D:5      | Reached skill level 1 in Invocations
  3393 | D:5      | 3393 ||| INVOKING Heroism.
  3428 | D:5      | Noticed Pikel
  3429 | D:5      | 3429 ||| INVOKING Heroism.
  3440 | D:5      | Killed Pikel
  3440 | D:5      | Reached ** piety under Okawaru
  3441 | D:5      | Reached skill level 9 in Ranged Weapons
  3441 | D:5      | Reached XP level 9. HP: 51/54 MP: 8/12
  3524 | D:5      | Reached skill level 6 in Fighting
  3527 | D:5      | Found a sacrificial altar of Ru.
  3724 | D:5      | Found an ornate altar of the Wu Jian Council.
  3836 | D:5      | 3836 ||| READING scroll labelled ENEUSE IMMIENA.
  3836 | D:5      | Identified a scroll of acquirement
  3836 | D:5      | 3836 ||| ACQUIRING +2 arbalest of flaming
  3836 | D:5      | Acquired a +2 arbalest of flaming
  3838 | D:5      | 3838 ||| SWAPPING to +2 arbalest of flaming.
  3839 | D:5      | 3839 ||| DROPPING +3 shortbow of draining.
  3840 | D:5      | 3840 ||| DRINKING 2 green potions.
  3945 | D:5      | 3945 ||| DROPPING potion of berserk rage.
  4040 | D:6      | Noticed Duvessa
  4040 | D:6      | Noticed Dowan
  4041 | D:6      | 4041 ||| INVOKING Heroism.
  4043 | D:6      | Killed Duvessa
  4045 | D:6      | Killed Dowan
  4099 | D:6      | 4099 ||| READING scroll of enchant weapon.
  4099 | D:6      | 4099 ||| ENCHANTING +2 arbalest of flaming.
  4104 | D:6      | Noticed Blork the orc
  4105 | D:6      | 4105 ||| INVOKING Heroism.
  4107 | D:6      | Killed Blork the orc
  4133 | D:6      | Killed an unseen horror
  4134 | D:6      | Reached skill level 3 in Dodging
  4195 | D:6      | 4195 ||| RETREATING.
  4199 | D:6      | Reached skill level 3 in Armour
  4256 | D:6      | 4256 ||| INVOKING Heroism.
  4636 | D:6      | Found an ancient bone altar of Kikubaaqudgha.
  4637 | D:6      | Found a blossoming altar of Fedhas.
  4642 | D:6      | Found a shimmering altar of Xom.
  4648 | D:6      | Found a glowing golden altar of the Shining One.
  4649 | D:6      | Found a snail-covered altar of Cheibriados.
  4713 | D:6      | Reached *** piety under Okawaru
  4827 | D:6      | 4827 ||| DROPPING amulet of magic regeneration.
  4828 | D:6      | 4828 ||| READING scroll labelled XURUJI IGYSE.
  4829 | D:6      | 4829 ||| READING scroll labelled WIOTOA QIUKHLUY.
  4930 | D:6      | 4930 ||| DRINKING 2 black potions.
  4951 | D:7      | 4951 ||| RETREATING.
  5014 | D:7      | Found Luefagim's Antique Armour Emporium.
  5024 | D:7      | 5024 ||| BUYING glowing robe (114 gold).
  5024 | D:7      | Bought a glowing robe for 114 gold pieces
  5112 | D:7      | Reached XP level 10. HP: 63/63 MP: 13/13
  5342 | D:7      | Noticed Joseph
  5345 | D:7      | 5345 ||| INVOKING Heroism.
  5352 | D:7      | Killed Joseph
  5693 | D:7      | 5693 ||| DROPPING +2 robe of positive energy.
  5694 | D:7      | 5694 ||| UPGRADING to +0 pair of boots.
  5699 | D:7      | 5699 ||| READING scroll labelled XOCORCH ZYFOCEG.
  5700 | D:7      | 5700 ||| READING 2 scrolls of identify.
  5700 | D:7      | 5700 ||| IDENTIFYING fizzy amethyst potion
  5846 | D:8      | Noticed a two-headed ogre
  5847 | D:8      | 5847 ||| INVOKING Heroism.
  5849 | D:8      | Killed a two-headed ogre
  5849 | D:8      | Received a gift from Okawaru
  6085 | D:8      | 6085 ||| INVOKING Heroism.
  6527 | D:8      | 6527 ||| Stepping ~*~*~tactically~*~*~ (retreating).
  6557 | D:8      | 6557 ||| FLEEEEING.
  6558 | D:8      | 6558 ||| FLEEEEING.
  6559 | D:8      | 6559 ||| FLEEEEING.
  6560 | D:8      | 6560 ||| FLEEEEING.
  6618 | D:8      | 6618 ||| READING 2 scrolls of identify.
  6618 | D:8      | 6618 ||| IDENTIFYING lumpy golden potion
  6619 | D:8      | 6619 ||| DROPPING potion of lignification.
  6683 | D:9      | Noticed a kobold demonologist
  6686 | D:9      | Killed a kobold demonologist
  6700 | D:9      | Reached skill level 12 in Ranged Weapons
  6712 | D:9      | 6712 ||| RETREATING.
  6714 | D:9      | 6714 ||| RETREATING.
  6716 | D:9      | 6716 ||| Stepping ~*~*~tactically~*~*~ (retreating).
  6722 | D:9      | 6722 ||| FLEEEEING.
  6724 | D:9      | 6724 ||| FLEEEEING.
  6725 | D:9      | 6725 ||| FLEEEEING.
  6726 | D:9      | 6726 ||| FLEEEEING.
  6727 | D:9      | 6727 ||| Stepping ~*~*~tactically~*~*~ (retreating).
  6728 | D:9      | 6728 ||| Stepping ~*~*~tactically~*~*~ (retreating).
  6729 | D:9      | 6729 ||| FLEEEEING.
  6730 | D:9      | 6730 ||| INVOKING Heroism.
  6732 | D:9      | Reached **** piety under Okawaru
  6748 | D:9      | Reached XP level 11. HP: 34/68 MP: 13/15
  6873 | D:9      | Found a staircase to the Lair.
  6943 | D:9      | 6943 ||| Stepping ~*~*~tactically~*~*~ (outnumbered).
  6945 | D:9      | 6945 ||| Stepping ~*~*~tactically~*~*~ (outnumbered).
  6947 | D:9      | Reached skill level 6 in Invocations
  7007 | D:9      | Identified the +0 morningstar "Egoschem" {venom, *Noise
                  | rElec rF+ Will+}
  7149 | D:9      | 7149 ||| INVOKING Heroism.
  7337 | D:9      | 7337 ||| PLANNING LAIR
  7337 | D:9      | 7337 ||| READING scroll labelled LAOREA AVEPHO.
  7377 | Lair:1   | Entered Level 1 of the Lair of Beasts
  7378 | Lair:1   | 7378 ||| PLANNING GAUNTLET
  7378 | Lair:1   | 7378 ||| STAIRDANCE
  7487 | Lair:1   | 7487 ||| INVOKING Heroism.
  7489 | Lair:1   | 7489 ||| RETREATING.
  7527 | Lair:1   | 7527 ||| FLEEEEING.
  7528 | Lair:1   | 7528 ||| FLEEEEING.
  7529 | Lair:1   | 7529 ||| STAIRDANCE
  7624 | Lair:1   | 7624 ||| INVOKING Heroism.
  7655 | Lair:1   | 7655 ||| INVOKING Heroism.
  7656 | Lair:1   | Received a gift from Okawaru
  7686 | Lair:1   | Reached skill level 9 in Fighting
  7878 | Lair:1   | Reached ***** piety under Okawaru
  7892 | Lair:1   | 7892 ||| RIP GAUNTLET
  7895 | Lair:1   | 7895 ||| PLANNING LAIR
  7959 | Lair:1   | 7959 ||| INVOKING Heroism.
  8146 | Lair:1   | 8146 ||| RETREATING.
  8151 | Lair:1   | 8151 ||| Stepping ~*~*~tactically~*~*~ (retreating).
  8152 | Lair:1   | 8152 ||| Stepping ~*~*~tactically~*~*~ (retreating).
  8156 | Lair:1   | 8156 ||| INVOKING Heroism.
  8323 | Lair:1   | 8323 ||| INVOKING Heroism.
  8516 | Lair:1   | 8516 ||| READING 3 scrolls of identify.
  8516 | Lair:1   | 8516 ||| IDENTIFYING sapphire potion
  8517 | Lair:1   | 8517 ||| READING 2 scrolls of identify.
  8517 | Lair:1   | 8517 ||| IDENTIFYING emerald potion
  8518 | Lair:1   | 8518 ||| DROPPING potion of degeneration.
  8549 | Lair:2   | 8549 ||| Stepping ~*~*~tactically~*~*~ (retreating).
  8550 | Lair:2   | 8550 ||| INVOKING Heroism.
  8556 | Lair:2   | Reached skill level 9 in Invocations
  8558 | Lair:2   | 8558 ||| Stepping ~*~*~tactically~*~*~ (retreating).
  8559 | Lair:2   | 8559 ||| Stepping ~*~*~tactically~*~*~ (retreating).
  8560 | Lair:2   | 8560 ||| Stepping ~*~*~tactically~*~*~ (retreating).
  8561 | Lair:2   | 8561 ||| Stepping ~*~*~tactically~*~*~ (retreating).
  8562 | Lair:2   | 8562 ||| Stepping ~*~*~tactically~*~*~ (retreating).
  8563 | Lair:2   | 8563 ||| Stepping ~*~*~tactically~*~*~ (retreating).
  8743 | Lair:2   | Noticed a boulder beetle
  8744 | Lair:2   | 8744 ||| INVOKING Heroism.
  8745 | Lair:2   | 8745 ||| INVOKING Finesse.
  8752 | Lair:2   | Killed a boulder beetle
  8753 | Lair:2   | Reached XP level 12. HP: 76/76 MP: 12/19
  8815 | Lair:2   | 8815 ||| INVOKING Heroism.
  8818 | Lair:2   | 8818 ||| RETREATING.
  8860 | Lair:2   | Received a gift from Okawaru
  8889 | Lair:2   | 8889 ||| INVOKING Heroism.
  9055 | Lair:2   | Found a hole to the Spider Nest.
  9057 | Lair:2   | 9057 ||| INVOKING Heroism.
  9097 | Lair:2   | 9097 ||| READING scroll of enchant weapon.
  9097 | Lair:2   | 9097 ||| ENCHANTING +3 arbalest of flaming.
  9124 | Lair:2   | Found a staircase to the Shoals.
  9218 | Lair:2   | 9218 ||| INVOKING Heroism.
  9219 | Lair:2   | 9219 ||| RETREATING.
  9272 | Lair:2   | 9272 ||| RETREATING.
  9351 | Lair:2   | 9351 ||| INVOKING Heroism.
  9517 | Lair:2   | 9517 ||| DROPPING +2 pair of gloves.
  9518 | Lair:2   | 9518 ||| UPGRADING to ring of ice.
  9520 | Lair:2   | 9520 ||| READING 2 scrolls of identify.
  9520 | Lair:2   | 9520 ||| IDENTIFYING orange potion
  9521 | Lair:2   | 9521 ||| DROPPING potion of brilliance.
  9693 | Lair:3   | 9693 ||| INVOKING Heroism.
  9806 | Lair:3   | 9806 ||| INVOKING Heroism.
  9813 | Lair:3   | 9813 ||| FLEEEEING.
  9814 | Lair:3   | 9814 ||| FLEEEEING.
  9882 | Lair:3   | 9882 ||| INVOKING Heroism.
  9897 | Lair:3   | 9897 ||| INVOKING Heroism.
  9907 | Lair:3   | Reached skill level 15 in Ranged Weapons
  9961 | Lair:3   | Identified the +0 long sword "Xytap" {freeze, Stlth+}
 10115 | Lair:3   | 10115 ||| RETREATING.
 10118 | Lair:3   | 10118 ||| Stepping ~*~*~tactically~*~*~ (retreating).
 10119 | Lair:3   | 10119 ||| Stepping ~*~*~tactically~*~*~ (retreating).
 10120 | Lair:3   | 10120 ||| Stepping ~*~*~tactically~*~*~ (retreating).
 10121 | Lair:3   | 10121 ||| Stepping ~*~*~tactically~*~*~ (retreating).
 10124 | Lair:3   | 10124 ||| Stepping ~*~*~tactically~*~*~ (retreating).
 10131 | Lair:3   | 10131 ||| INVOKING Heroism.
 10135 | Lair:3   | Reached skill level 6 in Armour
 10278 | Lair:3   | Noticed a death yak
 10279 | Lair:3   | 10279 ||| INVOKING Heroism.
 10282 | Lair:3   | Noticed a death yak
 10283 | Lair:3   | 10283 ||| RETREATING.
 10283 | Lair:3   | Noticed a death yak
 10284 | Lair:3   | 10284 ||| Stepping ~*~*~tactically~*~*~ (retreating).
 10286 | Lair:3   | 10286 ||| Stepping ~*~*~tactically~*~*~ (retreating).
 10289 | Lair:3   | Killed a death yak
 10290 | Lair:3   | 10290 ||| INVOKING Finesse.
 10296 | Lair:3   | Killed a death yak
 10296 | Lair:3   | Received a gift from Okawaru
 10300 | Lair:3   | Killed a death yak
 11038 | Lair:3   | 11038 ||| UPGRADING to amulet of the acrobat.
 11043 | Lair:3   | 11043 ||| READING scroll labelled ARIZEGRENATH.
 11057 | Lair:4   | 11057 ||| Stepping ~*~*~tactically~*~*~ (water).
 11062 | Lair:4   | 11062 ||| Stepping ~*~*~tactically~*~*~ (water).
 11066 | Lair:4   | Reached XP level 13. HP: 53/82 MP: 20/20
 11066 | Lair:4   | 11066 ||| Stepping ~*~*~tactically~*~*~ (water).
 11067 | Lair:4   | 11067 ||| INVOKING Heroism.
 11068 | Lair:4   | HP: 20/82 [elephant (8)]
 11069 | Lair:4   | 11069 ||| READING 7 scrolls of teleportation.
 11073 | Lair:4   | 11073 ||| RETREATING.
 11078 | Lair:4   | 11078 ||| Stepping ~*~*~tactically~*~*~ (retreating).
 11079 | Lair:4   | 11079 ||| Stepping ~*~*~tactically~*~*~ (retreating).
 11081 | Lair:4   | HP: 17/82 [yak (8)]
 11082 | Lair:4   | 11082 ||| READING 6 scrolls of teleportation.
 11083 | Lair:4   | 11083 ||| DRINKING 2 potions of heal wounds.
 11274 | Lair:4   | 11274 ||| INVOKING Heroism.
 11348 | Lair:4   | 11348 ||| Stepping ~*~*~tactically~*~*~ (retreating).
 11413 | Lair:4   | 11413 ||| RETREATING.
 11415 | Lair:4   | 11415 ||| INVOKING Heroism.
 11457 | Lair:4   | 11457 ||| RETREATING.
 11460 | Lair:4   | 11460 ||| INVOKING Heroism.
 11461 | Lair:4   | 11461 ||| Stepping ~*~*~tactically~*~*~ (retreating).
 11462 | Lair:4   | 11462 ||| Stepping ~*~*~tactically~*~*~ (retreating).
 11463 | Lair:4   | 11463 ||| Stepping ~*~*~tactically~*~*~ (retreating).
 11464 | Lair:4   | 11464 ||| Stepping ~*~*~tactically~*~*~ (retreating).
 11465 | Lair:4   | 11465 ||| Stepping ~*~*~tactically~*~*~ (retreating).
 11466 | Lair:4   | 11466 ||| Stepping ~*~*~tactically~*~*~ (retreating).
 11467 | Lair:4   | 11467 ||| Stepping ~*~*~tactically~*~*~ (retreating).
 11468 | Lair:4   | 11468 ||| Stepping ~*~*~tactically~*~*~ (retreating).
 11469 | Lair:4   | 11469 ||| Stepping ~*~*~tactically~*~*~ (retreating).
 11470 | Lair:4   | 11470 ||| Stepping ~*~*~tactically~*~*~ (retreating).
 11471 | Lair:4   | 11471 ||| Stepping ~*~*~tactically~*~*~ (retreating).
 11472 | Lair:4   | 11472 ||| Stepping ~*~*~tactically~*~*~ (retreating).
 11601 | Lair:4   | Found a viscous altar of Jiyva.
 11601 | Lair:4   | Found a staircase to the Slime Pits.
 11679 | Lair:4   | 11679 ||| RETREATING.
 11687 | Lair:4   | 11687 ||| FLEEEEING.
 11688 | Lair:4   | 11688 ||| FLEEEEING.
 11689 | Lair:4   | 11689 ||| FLEEEEING.
 11690 | Lair:4   | 11690 ||| FLEEEEING.
 11774 | Lair:4   | 11774 ||| RETREATING.
 11783 | Lair:4   | 11783 ||| Stepping ~*~*~tactically~*~*~ (retreating).
 11784 | Lair:4   | 11784 ||| Stepping ~*~*~tactically~*~*~ (retreating).
 11785 | Lair:4   | 11785 ||| Stepping ~*~*~tactically~*~*~ (retreating).
 11855 | Lair:4   | 11855 ||| INVOKING Heroism.
 11867 | Lair:4   | 11867 ||| Stepping ~*~*~tactically~*~*~ (retreating).
 11868 | Lair:4   | 11868 ||| Stepping ~*~*~tactically~*~*~ (retreating).
 11870 | Lair:4   | 11870 ||| Stepping ~*~*~tactically~*~*~ (retreating).
 11958 | Lair:4   | 11958 ||| INVOKING Heroism.
 12003 | Lair:4   | 12003 ||| INVOKING Heroism.
 12123 | Lair:4   | Found a runed translucent gate.
 12123 | Lair:4   | Found a runed translucent gate.
 12123 | Lair:4   | Found a runed translucent gate.
 12123 | Lair:4   | Noticed qw's ghost (journeyman MiHs)
 12385 | Lair:4   | 12385 ||| READING scroll labelled REJE ETUTOOWOTZ.
 12386 | Lair:4   | 12386 ||| DRINKING 2 fuming clear potions.
 12398 | Lair:5   | Entered Level 5 of the Lair of Beasts
 12399 | Lair:5   | 12399 ||| INVOKING Heroism.
 12455 | Lair:5   | 12455 ||| RETREATING.
 12511 | Lair:5   | 12511 ||| RETREATING.
 12557 | Lair:5   | 12557 ||| INVOKING Heroism.
 12560 | Lair:5   | Reached skill level 6 in Dodging
 12613 | Lair:5   | 12613 ||| INVOKING Heroism.
 12617 | Lair:5   | 12617 ||| INVOKING Finesse.
 12643 | Lair:5   | Noticed Sonja
 12650 | Lair:5   | Killed Sonja
 12650 | Lair:5   | Identified the +0 robe of the Untouchables {Str+2 SInv}
                  | (Okawaru gifted it to you on level 5 of the Lair of Beasts)
 12650 | Lair:5   | Received a gift from Okawaru
 12652 | Lair:5   | 12652 ||| RETREATING.
 12795 | Lair:5   | 12795 ||| INVOKING Heroism.
 12895 | Lair:5   | 12895 ||| INVOKING Heroism.
 12896 | Lair:5   | 12896 ||| RETREATING.
 12898 | Lair:5   | 12898 ||| Stepping ~*~*~tactically~*~*~ (retreating).
 12899 | Lair:5   | 12899 ||| Stepping ~*~*~tactically~*~*~ (retreating).
 12900 | Lair:5   | 12900 ||| INVOKING Finesse.
 12901 | Lair:5   | 12901 ||| Stepping ~*~*~tactically~*~*~ (retreating).
 12914 | Lair:5   | 12914 ||| Stepping ~*~*~tactically~*~*~ (retreating).
 12915 | Lair:5   | 12915 ||| Stepping ~*~*~tactically~*~*~ (retreating).
 12916 | Lair:5   | 12916 ||| Stepping ~*~*~tactically~*~*~ (retreating).
 12917 | Lair:5   | 12917 ||| Stepping ~*~*~tactically~*~*~ (retreating).
 12918 | Lair:5   | 12918 ||| Stepping ~*~*~tactically~*~*~ (retreating).
 12919 | Lair:5   | 12919 ||| Stepping ~*~*~tactically~*~*~ (retreating).
 12920 | Lair:5   | 12920 ||| Stepping ~*~*~tactically~*~*~ (retreating).
 12923 | Lair:5   | Gained mutation: Your large and strong wings let you fly.
                  | [Gargoyle growth]
 12923 | Lair:5   | Reached XP level 14. HP: 59/90 MP: 16/21
 12926 | Lair:5   | 12926 ||| INVOKING Heroism.
 12932 | Lair:5   | Reached skill level 18 in Ranged Weapons
 13043 | Lair:5   | 13043 ||| INVOKING Heroism.
 13190 | Lair:5   | 13190 ||| FLEEEEING.
 13195 | Lair:5   | 13195 ||| INVOKING Heroism.
 13208 | Lair:5   | 13208 ||| Stepping ~*~*~tactically~*~*~ (retreating).
 13209 | Lair:5   | 13209 ||| Stepping ~*~*~tactically~*~*~ (retreating).
 13211 | Lair:5   | 13211 ||| Stepping ~*~*~tactically~*~*~ (retreating).
 13212 | Lair:5   | 13212 ||| Stepping ~*~*~tactically~*~*~ (retreating).
 13213 | Lair:5   | 13213 ||| Stepping ~*~*~tactically~*~*~ (retreating).
 13214 | Lair:5   | 13214 ||| Stepping ~*~*~tactically~*~*~ (retreating).
 13335 | Lair:5   | Reached skill level 12 in Fighting
 13380 | Lair:5   | Found a burning altar of Makhleb.
 13401 | Lair:5   | Found a gateway to Hell.
 13628 | Lair:5   | 13628 ||| INVOKING Heroism.
 13737 | Lair:5   | 13737 ||| PLANNING D:1-11
 13737 | Lair:5   | 13737 ||| READING scroll labelled AHUUSHR QOGE.
 13738 | Lair:5   | 13738 ||| READING 4 scrolls of identify.
 13738 | Lair:5   | 13738 ||| IDENTIFYING fizzy green potion
 13739 | Lair:5   | 13739 ||| DROPPING potion of attraction.
 13877 | D:10     | Entered Level 10 of the Dungeon
 14004 | D:10     | Noticed Grum
 14005 | D:10     | 14005 ||| INVOKING Heroism.
 14009 | D:10     | Killed Grum
 14153 | D:10     | Noticed Lodul
 14160 | D:10     | Killed Lodul
 14353 | D:10     | Noticed Maurice
 14365 | D:10     | Killed Maurice
 14521 | D:11     | 14521 ||| READING scroll of enchant weapon.
 14521 | D:11     | 14521 ||| ENCHANTING +4 arbalest of flaming.
 15030 | D:11     | 15030 ||| READING scroll of enchant armour.
 15030 | D:11     | 15030 ||| ENCHANTING +0 pair of boots.
 15186 | D:11     | 15186 ||| PLANNING D
 15315 | D:12     | 15315 ||| Stepping ~*~*~tactically~*~*~ (outnumbered).
 15316 | D:12     | 15316 ||| Stepping ~*~*~tactically~*~*~ (outnumbered).
 15423 | D:12     | Found Jaicy's Antique Armour Shoppe.
 15434 | D:12     | 15434 ||| BUYING glowing ring mail (203 gold).
 15434 | D:12     | Bought a glowing ring mail for 203 gold pieces
 15434 | D:12     | 15434 ||| BUYING helmet (130 gold).
 15434 | D:12     | Bought a helmet for 130 gold pieces
 15434 | D:12     | 15434 ||| BUYING pair of runed gloves (217 gold).
 15434 | D:12     | Bought a pair of runed gloves for 217 gold pieces
 15567 | D:12     | 15567 ||| FLEEEEING.
 15568 | D:12     | 15568 ||| FLEEEEING.
 15737 | D:12     | Found a staircase to the Orcish Mines.
 15941 | D:12     | 15941 ||| UPGRADING to +0 helmet.
 15946 | D:12     | 15946 ||| DROPPING +1 pair of gloves.
 15982 | D:13     | Identified the +3 scale mail "Joelu" {Harm Int-5 Stlth+}
 16192 | D:13     | Noticed Rupert
 16193 | D:13     | 16193 ||| INVOKING Heroism.
 16204 | D:13     | Killed Rupert
 16475 | D:13     | 16475 ||| DROPPING +0 robe of the Untouchables {Str+2
                  | SInv}.
 16476 | D:13     | 16476 ||| DROPPING +2 ring mail of poison resistance.
 16477 | D:13     | 16477 ||| DROPPING +1 ring mail of willpower.
 16503 | D:14     | Noticed Kirke
 16504 | D:14     | 16504 ||| STAIRDANCE
 16509 | D:14     | 16509 ||| STAIRDANCE
 16511 | D:13     | 16511 ||| Stepping ~*~*~tactically~*~*~ (retreating).
 16512 | D:13     | 16512 ||| Stepping ~*~*~tactically~*~*~ (retreating).
 16522 | D:13     | 16522 ||| INVOKING Heroism.
 16529 | D:13     | 16529 ||| Stepping randomly (disturbance).
 16530 | D:13     | 16530 ||| Stepping randomly (disturbance).
 16531 | D:13     | 16531 ||| Stepping randomly (disturbance).
 16532 | D:13     | Noticed a sphinx
 16532 | D:13     | 16532 ||| DRINKING 2 potions of cancellation.
 16532 | D:13     | Paralysed by a sphinx for 2 turns
 16545 | D:13     | HP: 20/94 [something (7)]
 16547 | D:13     | HP: 7/94 [something (12)]
 16548 | D:13     | Killed Kirke
 16549 | D:13     | Reached skill level 9 in Armour
 16800 | D:14     | 16800 ||| STAIRDANCE
 16862 | D:14     | 16862 ||| STAIRDANCE
 16864 | D:13     | 16864 ||| INVOKING Heroism.
 16976 | D:14     | 16976 ||| STAIRDANCE
 17005 | D:14     | 17005 ||| STAIRDANCE
 17061 | D:14     | 17061 ||| STAIRDANCE
 17268 | D:14     | Found a gate to the Vaults.
 17383 | D:14     | 17383 ||| INVOKING Heroism.
 17384 | D:14     | 17384 ||| RETREATING.
 17413 | D:14     | HP: 21/95 [eight-headed hydra[a boggart] (6)]
 17414 | D:14     | 17414 ||| READING 9 scrolls of teleportation.
 17414 | D:14     | HP: 7/95 [eight-headed hydra[a boggart] (7)]
 17415 | D:14     | 17415 ||| DRINKING 4 potions of heal wounds.
 17416 | D:14     | 17416 ||| DRINKING 3 potions of heal wounds.
 17417 | D:14     | 17417 ||| DRINKING 2 potions of heal wounds.
 17418 | D:14     | 17418 ||| INVOKING Heroism.
 17430 | D:14     | 17430 ||| FLEEEEING.
 17431 | D:14     | 17431 ||| FLEEEEING.
 17432 | D:14     | 17432 ||| FLEEEEING.
 17433 | D:14     | 17433 ||| FLEEEEING.
 17434 | D:14     | 17434 ||| FLEEEEING.
 17435 | D:14     | 17435 ||| FLEEEEING.
 17436 | D:14     | 17436 ||| FLEEEEING.
 17714 | D:14     | 17714 ||| INVOKING Heroism.
 17717 | D:14     | Reached XP level 15. HP: 100/100 MP: 19/22
 17824 | D:14     | 17824 ||| INVOKING Heroism.
 17850 | D:14     | 17850 ||| Stepping ~*~*~tactically~*~*~ (retreating).
 17864 | D:14     | 17864 ||| INVOKING Heroism.
 18050 | D:14     | Found Uzuebrot's Weapon Shop.
 18052 | D:14     | Found Eguivi's Antique Weapon Shop.
 18052 | D:14     | Found Kiseh's Armour Shop.
 18180 | D:14     | 18180 ||| BUYING +0 ring mail of fire resistance (187
                  | gold).
 18180 | D:14     | Bought a +0 ring mail of fire resistance for 187 gold
                  | pieces
 18180 | D:14     | 18180 ||| BUYING +0 robe of resistance (470 gold).
 18180 | D:14     | Bought a +0 robe of resistance for 470 gold pieces
 18180 | D:14     | 18180 ||| SHOPLISTING +2 helmet (280 gold, have 188).
 18215 | D:15     | Entered Level 15 of the Dungeon
 18232 | D:15     | 18232 ||| Stepping ~*~*~tactically~*~*~ (outnumbered).
 18240 | D:15     | 18240 ||| INVOKING Heroism.
 18365 | D:15     | 18365 ||| INVOKING Heroism.
 18368 | D:15     | 18368 ||| Stepping ~*~*~tactically~*~*~ (outnumbered).
 18405 | D:15     | 18405 ||| FLEEEEING.
 18408 | D:15     | 18408 ||| FLEEEEING.
 18409 | D:15     | 18409 ||| FLEEEEING.
 18410 | D:15     | 18410 ||| FLEEEEING.
 18413 | D:15     | 18413 ||| STAIRDANCE
 18477 | D:15     | 18477 ||| STAIRDANCE
 18517 | D:15     | Found a staircase to the Depths.
 18626 | D:15     | 18626 ||| RETREATING.
 18640 | D:15     | 18640 ||| INVOKING Heroism.
 18643 | D:15     | Reached skill level 9 in Dodging
 18650 | D:15     | 18650 ||| RETREATING.
 18668 | D:15     | Received a gift from Okawaru
 18910 | D:15     | 18910 ||| PLANNING ORC
 18910 | D:15     | 18910 ||| DROPPING scarf of invisibility.
 18911 | D:15     | 18911 ||| READING 10 scrolls of identify.
 18911 | D:15     | 18911 ||| IDENTIFYING inky potion
 19027 | Orc:1    | Entered Level 1 of the Orcish Mines
 19149 | Orc:1    | 19149 ||| Stepping ~*~*~tactically~*~*~ (outnumbered).
 19196 | Orc:1    | 19196 ||| INVOKING Heroism.
 19200 | Orc:1    | Noticed an orc warlord
 19201 | Orc:1    | 19201 ||| RETREATING.
 19209 | Orc:1    | 19209 ||| Stepping ~*~*~tactically~*~*~ (retreating).
 19210 | Orc:1    | 19210 ||| Stepping ~*~*~tactically~*~*~ (retreating).
 19211 | Orc:1    | 19211 ||| Stepping ~*~*~tactically~*~*~ (retreating).
 19212 | Orc:1    | 19212 ||| Stepping ~*~*~tactically~*~*~ (retreating).
 19213 | Orc:1    | 19213 ||| INVOKING Finesse.
 19231 | Orc:1    | Killed an orc warlord
 19408 | Orc:1    | 19408 ||| INVOKING Heroism.
 19547 | Orc:2    | Entered Level 2 of the Orcish Mines
 19561 | Orc:2    | Reached skill level 15 in Fighting
 19633 | Orc:2    | 19633 ||| Stepping ~*~*~tactically~*~*~ (outnumbered).
 19635 | Orc:2    | 19635 ||| Stepping ~*~*~tactically~*~*~ (outnumbered).
 19717 | Orc:2    | Found a staircase to the Elven Halls.
 19742 | Orc:2    | 19742 ||| Stepping ~*~*~tactically~*~*~ (outnumbered).
 19751 | Orc:2    | 19751 ||| RETREATING.
 19754 | Orc:2    | 19754 ||| Stepping ~*~*~tactically~*~*~ (retreating).
 19755 | Orc:2    | 19755 ||| Stepping ~*~*~tactically~*~*~ (retreating).
 19756 | Orc:2    | 19756 ||| Stepping ~*~*~tactically~*~*~ (retreating).
 19757 | Orc:2    | 19757 ||| Stepping ~*~*~tactically~*~*~ (retreating).
 19758 | Orc:2    | 19758 ||| INVOKING Heroism.
 19815 | Orc:2    | Found Keschoddi's General Store.
 19815 | Orc:2    | Found Lutat's Antique Armour Shoppe.
 19815 | Orc:2    | Found Pyalusi's Weapon Emporium.
 19816 | Orc:2    | 19816 ||| Stepping ~*~*~tactically~*~*~ (retreating).
 19818 | Orc:2    | 19818 ||| Stepping ~*~*~tactically~*~*~ (retreating).
 19821 | Orc:2    | 19821 ||| Stepping ~*~*~tactically~*~*~ (retreating).
 19847 | Orc:2    | 19847 ||| Stepping ~*~*~tactically~*~*~ (retreating).
 19849 | Orc:2    | 19849 ||| Stepping ~*~*~tactically~*~*~ (retreating).
 19851 | Orc:2    | 19851 ||| Stepping ~*~*~tactically~*~*~ (retreating).
 19856 | Orc:2    | 19856 ||| Stepping ~*~*~tactically~*~*~ (retreating).
 19858 | Orc:2    | 19858 ||| Stepping ~*~*~tactically~*~*~ (retreating).
 19860 | Orc:2    | 19860 ||| Stepping ~*~*~tactically~*~*~ (retreating).
 19862 | Orc:2    | 19862 ||| Stepping ~*~*~tactically~*~*~ (retreating).
 19864 | Orc:2    | 19864 ||| Stepping ~*~*~tactically~*~*~ (retreating).
 19866 | Orc:2    | 19866 ||| Stepping ~*~*~tactically~*~*~ (retreating).
 19868 | Orc:2    | 19868 ||| Stepping ~*~*~tactically~*~*~ (retreating).
 19870 | Orc:2    | 19870 ||| Stepping ~*~*~tactically~*~*~ (retreating).
 19872 | Orc:2    | 19872 ||| Stepping ~*~*~tactically~*~*~ (retreating).
 19874 | Orc:2    | 19874 ||| Stepping ~*~*~tactically~*~*~ (retreating).
 19876 | Orc:2    | 19876 ||| Stepping ~*~*~tactically~*~*~ (retreating).
 19878 | Orc:2    | 19878 ||| Stepping ~*~*~tactically~*~*~ (retreating).
 19880 | Orc:2    | 19880 ||| Stepping ~*~*~tactically~*~*~ (retreating).
 19884 | Orc:2    | 19884 ||| Stepping ~*~*~tactically~*~*~ (retreating).
 19886 | Orc:2    | 19886 ||| Stepping ~*~*~tactically~*~*~ (retreating).
 19888 | Orc:2    | 19888 ||| Stepping ~*~*~tactically~*~*~ (retreating).
 19890 | Orc:2    | 19890 ||| Stepping ~*~*~tactically~*~*~ (retreating).
 19892 | Orc:2    | 19892 ||| Stepping ~*~*~tactically~*~*~ (retreating).
 19894 | Orc:2    | 19894 ||| Stepping ~*~*~tactically~*~*~ (retreating).
 19896 | Orc:2    | 19896 ||| Stepping ~*~*~tactically~*~*~ (retreating).
 19898 | Orc:2    | 19898 ||| Stepping ~*~*~tactically~*~*~ (retreating).
 19900 | Orc:2    | 19900 ||| Stepping ~*~*~tactically~*~*~ (retreating).
 19902 | Orc:2    | 19902 ||| Stepping ~*~*~tactically~*~*~ (retreating).
 19904 | Orc:2    | 19904 ||| Stepping ~*~*~tactically~*~*~ (retreating).
 19906 | Orc:2    | 19906 ||| Stepping ~*~*~tactically~*~*~ (retreating).
 19908 | Orc:2    | 19908 ||| Stepping ~*~*~tactically~*~*~ (retreating).
 19910 | Orc:2    | 19910 ||| Stepping ~*~*~tactically~*~*~ (retreating).
 19912 | Orc:2    | 19912 ||| Stepping ~*~*~tactically~*~*~ (retreating).
 19914 | Orc:2    | 19914 ||| Stepping ~*~*~tactically~*~*~ (retreating).
 19916 | Orc:2    | 19916 ||| Stepping ~*~*~tactically~*~*~ (retreating).
 19918 | Orc:2    | 19918 ||| Stepping ~*~*~tactically~*~*~ (retreating).
 19920 | Orc:2    | 19920 ||| Stepping ~*~*~tactically~*~*~ (retreating).
 19922 | Orc:2    | 19922 ||| Stepping ~*~*~tactically~*~*~ (retreating).
 19924 | Orc:2    | 19924 ||| Stepping ~*~*~tactically~*~*~ (retreating).
 19926 | Orc:2    | 19926 ||| Stepping ~*~*~tactically~*~*~ (retreating).
 19928 | Orc:2    | 19928 ||| Stepping ~*~*~tactically~*~*~ (retreating).
 19930 | Orc:2    | 19930 ||| Stepping ~*~*~tactically~*~*~ (retreating).
 19932 | Orc:2    | 19932 ||| Stepping ~*~*~tactically~*~*~ (retreating).
 19934 | Orc:2    | 19934 ||| Stepping ~*~*~tactically~*~*~ (retreating).
 19936 | Orc:2    | 19936 ||| Stepping ~*~*~tactically~*~*~ (retreating).
 19938 | Orc:2    | 19938 ||| Stepping ~*~*~tactically~*~*~ (retreating).
 19940 | Orc:2    | 19940 ||| Stepping ~*~*~tactically~*~*~ (retreating).
 19942 | Orc:2    | 19942 ||| Stepping ~*~*~tactically~*~*~ (retreating).
 19944 | Orc:2    | 19944 ||| Stepping ~*~*~tactically~*~*~ (retreating).
 19945 | Orc:2    | 19945 ||| INVOKING Heroism.
 19947 | Orc:2    | 19947 ||| Stepping ~*~*~tactically~*~*~ (retreating).
 19949 | Orc:2    | 19949 ||| Stepping ~*~*~tactically~*~*~ (retreating).
 19951 | Orc:2    | 19951 ||| Stepping ~*~*~tactically~*~*~ (retreating).
 19953 | Orc:2    | 19953 ||| Stepping ~*~*~tactically~*~*~ (retreating).
 19955 | Orc:2    | 19955 ||| Stepping ~*~*~tactically~*~*~ (retreating).
 19957 | Orc:2    | 19957 ||| Stepping ~*~*~tactically~*~*~ (retreating).
 19959 | Orc:2    | 19959 ||| Stepping ~*~*~tactically~*~*~ (retreating).
 19961 | Orc:2    | 19961 ||| Stepping ~*~*~tactically~*~*~ (retreating).
 19963 | Orc:2    | 19963 ||| Stepping ~*~*~tactically~*~*~ (retreating).
 19965 | Orc:2    | 19965 ||| Stepping ~*~*~tactically~*~*~ (retreating).
 19967 | Orc:2    | 19967 ||| Stepping ~*~*~tactically~*~*~ (retreating).
 19969 | Orc:2    | 19969 ||| Stepping ~*~*~tactically~*~*~ (retreating).
 19971 | Orc:2    | 19971 ||| Stepping ~*~*~tactically~*~*~ (retreating).
 19973 | Orc:2    | 19973 ||| Stepping ~*~*~tactically~*~*~ (retreating).
 19975 | Orc:2    | 19975 ||| Stepping ~*~*~tactically~*~*~ (retreating).
 19977 | Orc:2    | 19977 ||| Stepping ~*~*~tactically~*~*~ (retreating).
 19979 | Orc:2    | 19979 ||| Stepping ~*~*~tactically~*~*~ (retreating).
 19981 | Orc:2    | 19981 ||| Stepping ~*~*~tactically~*~*~ (retreating).
 19983 | Orc:2    | 19983 ||| Stepping ~*~*~tactically~*~*~ (retreating).
 19985 | Orc:2    | 19985 ||| Stepping ~*~*~tactically~*~*~ (retreating).
 19987 | Orc:2    | 19987 ||| Stepping ~*~*~tactically~*~*~ (retreating).
 19989 | Orc:2    | 19989 ||| Stepping ~*~*~tactically~*~*~ (retreating).
 19991 | Orc:2    | 19991 ||| Stepping ~*~*~tactically~*~*~ (retreating).
 19993 | Orc:2    | 19993 ||| Stepping ~*~*~tactically~*~*~ (retreating).
 19994 | Orc:2    | 19994 ||| INVOKING Heroism.
 19996 | Orc:2    | 19996 ||| Stepping ~*~*~tactically~*~*~ (retreating).
 19998 | Orc:2    | 19998 ||| Stepping ~*~*~tactically~*~*~ (retreating).
 20000 | Orc:2    | 20000 ||| Stepping ~*~*~tactically~*~*~ (retreating).
 20002 | Orc:2    | 20002 ||| Stepping ~*~*~tactically~*~*~ (retreating).
 20004 | Orc:2    | 20004 ||| Stepping ~*~*~tactically~*~*~ (retreating).
 20006 | Orc:2    | 20006 ||| Stepping ~*~*~tactically~*~*~ (retreating).
 20009 | Orc:2    | 20009 ||| Stepping ~*~*~tactically~*~*~ (retreating).
 20011 | Orc:2    | 20011 ||| Stepping ~*~*~tactically~*~*~ (retreating).
 20013 | Orc:2    | 20013 ||| Stepping ~*~*~tactically~*~*~ (retreating).
 20015 | Orc:2    | 20015 ||| Stepping ~*~*~tactically~*~*~ (retreating).
 20017 | Orc:2    | 20017 ||| Stepping ~*~*~tactically~*~*~ (retreating).
 20019 | Orc:2    | 20019 ||| Stepping ~*~*~tactically~*~*~ (retreating).
 20021 | Orc:2    | 20021 ||| Stepping ~*~*~tactically~*~*~ (retreating).
 20023 | Orc:2    | 20023 ||| Stepping ~*~*~tactically~*~*~ (retreating).
 20025 | Orc:2    | 20025 ||| Stepping ~*~*~tactically~*~*~ (retreating).
 20027 | Orc:2    | 20027 ||| Stepping ~*~*~tactically~*~*~ (retreating).
 20029 | Orc:2    | 20029 ||| Stepping ~*~*~tactically~*~*~ (retreating).
 20031 | Orc:2    | 20031 ||| Stepping ~*~*~tactically~*~*~ (retreating).
 20033 | Orc:2    | 20033 ||| Stepping ~*~*~tactically~*~*~ (retreating).
 20035 | Orc:2    | 20035 ||| Stepping ~*~*~tactically~*~*~ (retreating).
 20037 | Orc:2    | 20037 ||| Stepping ~*~*~tactically~*~*~ (retreating).
 20039 | Orc:2    | 20039 ||| Stepping ~*~*~tactically~*~*~ (retreating).
 20050 | Orc:2    | 20050 ||| FLEEEEING.
 20051 | Orc:2    | 20051 ||| FLEEEEING.
 20052 | Orc:2    | 20052 ||| FLEEEEING.
 20053 | Orc:2    | 20053 ||| INVOKING Heroism.
 20094 | Orc:2    | 20094 ||| INVOKING Heroism.
 20149 | Orc:2    | 20149 ||| FLEEEEING.
 20150 | Orc:2    | 20150 ||| FLEEEEING.
 20593 | Orc:2    | Found Dacraf's Antique Armour Shop.
 20612 | Orc:2    | 20612 ||| PLANNING SPIDER:1-3
 20799 | Spider:1 | Entered Level 1 of the Spider Nest
 20801 | Spider:1 | 20801 ||| INVOKING Heroism.
 20803 | Spider:1 | 20803 ||| STAIRDANCE
 20865 | Spider:1 | 20865 ||| STAIRDANCE
 20917 | Spider:1 | Noticed an emperor scorpion
 20918 | Spider:1 | 20918 ||| STAIRDANCE
 20981 | Spider:1 | 20981 ||| INVOKING Heroism.
 20984 | Spider:1 | 20984 ||| STAIRDANCE
 20991 | Lair:2   | Killed an emperor scorpion
 21084 | Spider:1 | 21084 ||| INVOKING Finesse.
 21210 | Spider:1 | 21210 ||| INVOKING Heroism.
 21211 | Spider:1 | 21211 ||| Stepping ~*~*~tactically~*~*~ (outnumbered).
 21215 | Spider:1 | 21215 ||| Stepping ~*~*~tactically~*~*~ (outnumbered).
 21273 | Spider:1 | 21273 ||| INVOKING Heroism.
 21425 | Spider:1 | 21425 ||| INVOKING Heroism.
 21592 | Spider:1 | 21592 ||| RETREATING.
 21606 | Spider:1 | Reached XP level 16. HP: 76/110 MP: 23/23
 21606 | Spider:1 | 21606 ||| INVOKING Heroism.
 21616 | Spider:1 | HP: 27/110 [demonic crawler (11)]
 21617 | Spider:1 | 21617 ||| READING 9 scrolls of teleportation.
 21617 | Spider:1 | HP: 13/110 [demonic crawler (4)]
 21618 | Spider:1 | 21618 ||| DRINKING 4 potions of heal wounds.
 21627 | Spider:1 | HP: 20/110 [demonic crawler (9)]
 21628 | Spider:1 | 21628 ||| READING 8 scrolls of teleportation.
 21629 | Spider:1 | 21629 ||| DRINKING 3 potions of heal wounds.
 21631 | Spider:1 | 21631 ||| Stepping ~*~*~tactically~*~*~ (retreating).
 21632 | Spider:1 | 21632 ||| Stepping ~*~*~tactically~*~*~ (retreating).
 21633 | Spider:1 | 21633 ||| Stepping ~*~*~tactically~*~*~ (retreating).
 21634 | Spider:1 | 21634 ||| Stepping ~*~*~tactically~*~*~ (retreating).
 21643 | Spider:1 | 21643 ||| INVOKING Heroism.
 21644 | Spider:1 | HP: 22/110 [redback (8)]
 21645 | Spider:1 | 21645 ||| READING 7 scrolls of teleportation.
 21646 | Spider:1 | 21646 ||| DRINKING 2 potions of heal wounds.
 21650 | Spider:1 | 21650 ||| INVOKING Finesse.
 21689 | Spider:1 | 21689 ||| INVOKING Heroism.
 22153 | Spider:1 | 22153 ||| FLEEEEING.
 22154 | Spider:1 | 22154 ||| FLEEEEING.
 22422 | Spider:1 | 22422 ||| DROPPING +1 pair of boots.
 22423 | Spider:1 | 22423 ||| READING 9 scrolls of identify.
 22423 | Spider:1 | 22423 ||| IDENTIFYING silvery potion
 22424 | Spider:1 | 22424 ||| DROPPING potion of ambrosia.
 22454 | Spider:2 | 22454 ||| STAIRDANCE
 22456 | Spider:1 | 22456 ||| INVOKING Finesse.
 22464 | Spider:1 | 22464 ||| INVOKING Heroism.
 22667 | Spider:2 | 22667 ||| STAIRDANCE
 22702 | Spider:2 | 22702 ||| STAIRDANCE
 22738 | Spider:2 | 22738 ||| STAIRDANCE
 22748 | Spider:2 | 22748 ||| STAIRDANCE
 22780 | Spider:2 | 22780 ||| STAIRDANCE
 22784 | Spider:2 | 22784 ||| STAIRDANCE
 22793 | Spider:2 | 22793 ||| STAIRDANCE
 22801 | Spider:2 | 22801 ||| STAIRDANCE
 22803 | Spider:1 | 22803 ||| INVOKING Heroism.
 22841 | Spider:2 | 22841 ||| STAIRDANCE
 22861 | Spider:2 | 22861 ||| STAIRDANCE
 22928 | Spider:2 | 22928 ||| STAIRDANCE
 22930 | Spider:1 | 22930 ||| INVOKING Heroism.
 23096 | Spider:2 | 23096 ||| STAIRDANCE
 23160 | Spider:2 | 23160 ||| STAIRDANCE
 23162 | Spider:1 | 23162 ||| INVOKING Heroism.
 23180 | Spider:2 | 23180 ||| STAIRDANCE
 23226 | Spider:2 | 23226 ||| STAIRDANCE
 23262 | Spider:2 | 23262 ||| STAIRDANCE
 23264 | Spider:1 | 23264 ||| INVOKING Heroism.
 23414 | Spider:2 | 23414 ||| STAIRDANCE
 23426 | Spider:2 | 23426 ||| STAIRDANCE
 23472 | Spider:2 | 23472 ||| STAIRDANCE
 23538 | Spider:2 | 23538 ||| INVOKING Heroism.
 23596 | Spider:2 | 23596 ||| INVOKING Heroism.
 23722 | Spider:2 | 23722 ||| Stepping ~*~*~tactically~*~*~ (outnumbered).
 23760 | Spider:2 | 23760 ||| RETREATING.
 23765 | Spider:2 | 23765 ||| INVOKING Heroism.
 23978 | Spider:2 | 23978 ||| Stepping ~*~*~tactically~*~*~ (retreating).
 23980 | Spider:2 | 23980 ||| Stepping ~*~*~tactically~*~*~ (retreating).
 23984 | Spider:2 | 23984 ||| Stepping ~*~*~tactically~*~*~ (retreating).
 23991 | Spider:2 | 23991 ||| DRINKING 6 potions of curing.
 23991 | Spider:2 | 23991 ||| (to cure confusion)
 24011 | Spider:2 | 24011 ||| INVOKING Heroism.
 24041 | Spider:2 | 24041 ||| FLEEEEING.
 24127 | Spider:2 | 24127 ||| INVOKING Heroism.
 24146 | Spider:2 | Reached skill level 18 in Fighting
 24185 | Spider:2 | 24185 ||| FLEEEEING.
 24298 | Spider:2 | 24298 ||| INVOKING Finesse.
 24300 | Spider:2 | 24300 ||| INVOKING Heroism.
 24302 | Spider:2 | 24302 ||| Stepping ~*~*~tactically~*~*~ (retreating).
 24461 | Spider:2 | Identified the +1 chain mail of Abstinence {rF+ rC+ Slay+2}
 24529 | Spider:2 | 24529 ||| Stepping ~*~*~tactically~*~*~ (outnumbered).
 24685 | Spider:2 | 24685 ||| INVOKING Heroism.
 24691 | Spider:2 | Reached skill level 12 in Armour
 24735 | Spider:2 | 24735 ||| Stepping randomly (disturbance).
 24736 | Spider:2 | 24736 ||| Stepping randomly (disturbance).
 24737 | Spider:2 | 24737 ||| Stepping randomly (disturbance).
 25202 | Spider:3 | 25202 ||| STAIRDANCE
 25204 | Spider:2 | 25204 ||| INVOKING Heroism.
 25209 | Spider:2 | Reached XP level 17. HP: 104/120 MP: 22/24
 25257 | Spider:3 | 25257 ||| STAIRDANCE
 25381 | Spider:3 | 25381 ||| FLEEEEING.
 25382 | Spider:3 | 25382 ||| FLEEEEING.
 25383 | Spider:3 | 25383 ||| STAIRDANCE
 25487 | Spider:3 | 25487 ||| STAIRDANCE
 25495 | Spider:3 | 25495 ||| STAIRDANCE
 25507 | Spider:2 | 25507 ||| INVOKING Heroism.
 25509 | Spider:2 | 25509 ||| DRINKING potion of cancellation.
 25671 | Spider:3 | 25671 ||| INVOKING Heroism.
 25680 | Spider:3 | HP: 29/120 [moth of wrath (10)]
 25681 | Spider:3 | 25681 ||| READING 7 scrolls of teleportation.
 25682 | Spider:3 | 25682 ||| DRINKING potion of heal wounds.
 25897 | Spider:3 | 25897 ||| RETREATING.
 25901 | Spider:3 | 25901 ||| RETREATING.
 25902 | Spider:3 | 25902 ||| INVOKING Heroism.
 26054 | Spider:3 | 26054 ||| Stepping ~*~*~tactically~*~*~ (retreating).
 26056 | Spider:3 | 26056 ||| Stepping ~*~*~tactically~*~*~ (retreating).
 26057 | Spider:3 | 26057 ||| Stepping ~*~*~tactically~*~*~ (retreating).
 26121 | Spider:3 | 26121 ||| Stepping ~*~*~tactically~*~*~ (outnumbered).
 26122 | Spider:3 | 26122 ||| INVOKING Heroism.
 26123 | Spider:3 | 26123 ||| Stepping ~*~*~tactically~*~*~ (outnumbered).
 26315 | Spider:3 | 26315 ||| INVOKING Heroism.
 26327 | Spider:3 | 26327 ||| Stepping ~*~*~tactically~*~*~ (retreating).
 26331 | Spider:3 | 26331 ||| Stepping ~*~*~tactically~*~*~ (retreating).
 26332 | Spider:3 | 26332 ||| Stepping ~*~*~tactically~*~*~ (retreating).
 26333 | Spider:3 | 26333 ||| Stepping ~*~*~tactically~*~*~ (retreating).
 26336 | Spider:3 | 26336 ||| Stepping ~*~*~tactically~*~*~ (retreating).
 26337 | Spider:3 | 26337 ||| Stepping ~*~*~tactically~*~*~ (retreating).
 26338 | Spider:3 | 26338 ||| Stepping ~*~*~tactically~*~*~ (retreating).
 26339 | Spider:3 | 26339 ||| Stepping ~*~*~tactically~*~*~ (retreating).
 26340 | Spider:3 | 26340 ||| Stepping ~*~*~tactically~*~*~ (retreating).
 26341 | Spider:3 | 26341 ||| Stepping ~*~*~tactically~*~*~ (retreating).
 26342 | Spider:3 | 26342 ||| Stepping ~*~*~tactically~*~*~ (retreating).
 26343 | Spider:3 | 26343 ||| Stepping ~*~*~tactically~*~*~ (retreating).
 26344 | Spider:3 | 26344 ||| Stepping ~*~*~tactically~*~*~ (retreating).
 26345 | Spider:3 | 26345 ||| Stepping ~*~*~tactically~*~*~ (retreating).
 26346 | Spider:3 | 26346 ||| Stepping ~*~*~tactically~*~*~ (retreating).
 26347 | Spider:3 | 26347 ||| Stepping ~*~*~tactically~*~*~ (retreating).
 26348 | Spider:3 | 26348 ||| Stepping ~*~*~tactically~*~*~ (retreating).
 26349 | Spider:3 | 26349 ||| Stepping ~*~*~tactically~*~*~ (retreating).
 26350 | Spider:3 | 26350 ||| Stepping ~*~*~tactically~*~*~ (retreating).
 26351 | Spider:3 | 26351 ||| Stepping ~*~*~tactically~*~*~ (retreating).
 26352 | Spider:3 | 26352 ||| Stepping ~*~*~tactically~*~*~ (retreating).
 26353 | Spider:3 | 26353 ||| Stepping ~*~*~tactically~*~*~ (retreating).
 26354 | Spider:3 | 26354 ||| Stepping ~*~*~tactically~*~*~ (retreating).
 26355 | Spider:3 | 26355 ||| INVOKING Heroism.
 26361 | Spider:3 | 26361 ||| Stepping ~*~*~tactically~*~*~ (retreating).
 26362 | Spider:3 | 26362 ||| Stepping ~*~*~tactically~*~*~ (retreating).
 26364 | Spider:3 | 26364 ||| Stepping ~*~*~tactically~*~*~ (retreating).
 26365 | Spider:3 | 26365 ||| Stepping ~*~*~tactically~*~*~ (retreating).
 26366 | Spider:3 | 26366 ||| Stepping ~*~*~tactically~*~*~ (retreating).
 26368 | Spider:3 | 26368 ||| Stepping ~*~*~tactically~*~*~ (outnumbered).
 26373 | Spider:3 | 26373 ||| Stepping ~*~*~tactically~*~*~ (retreating).
 26374 | Spider:3 | 26374 ||| Stepping ~*~*~tactically~*~*~ (retreating).
 26375 | Spider:3 | 26375 ||| Stepping ~*~*~tactically~*~*~ (retreating).
 26376 | Spider:3 | 26376 ||| Stepping ~*~*~tactically~*~*~ (retreating).
 26377 | Spider:3 | 26377 ||| Stepping ~*~*~tactically~*~*~ (retreating).
 26378 | Spider:3 | 26378 ||| Stepping ~*~*~tactically~*~*~ (retreating).
 26379 | Spider:3 | 26379 ||| Stepping ~*~*~tactically~*~*~ (retreating).
 26380 | Spider:3 | 26380 ||| Stepping ~*~*~tactically~*~*~ (retreating).
 26383 | Spider:3 | 26383 ||| Stepping ~*~*~tactically~*~*~ (retreating).
 26384 | Spider:3 | 26384 ||| Stepping ~*~*~tactically~*~*~ (retreating).
 26385 | Spider:3 | 26385 ||| Stepping ~*~*~tactically~*~*~ (retreating).
 26386 | Spider:3 | 26386 ||| Stepping ~*~*~tactically~*~*~ (retreating).
 26387 | Spider:3 | 26387 ||| Stepping ~*~*~tactically~*~*~ (retreating).
 26388 | Spider:3 | 26388 ||| Stepping ~*~*~tactically~*~*~ (retreating).
 26389 | Spider:3 | 26389 ||| Stepping ~*~*~tactically~*~*~ (retreating).
 26390 | Spider:3 | 26390 ||| Stepping ~*~*~tactically~*~*~ (retreating).
 26391 | Spider:3 | 26391 ||| Stepping ~*~*~tactically~*~*~ (retreating).
 26591 | Spider:3 | 26591 ||| INVOKING Heroism.
 26595 | Spider:3 | 26595 ||| Stepping ~*~*~tactically~*~*~ (retreating).
 26596 | Spider:3 | 26596 ||| Stepping ~*~*~tactically~*~*~ (retreating).
 26597 | Spider:3 | 26597 ||| Stepping ~*~*~tactically~*~*~ (retreating).
 26599 | Spider:3 | 26599 ||| Stepping ~*~*~tactically~*~*~ (retreating).
 26600 | Spider:3 | 26600 ||| Stepping ~*~*~tactically~*~*~ (retreating).
 26655 | Spider:3 | 26655 ||| INVOKING Heroism.
 26964 | Spider:3 | 26964 ||| PLANNING SHOALS:1-3
 26964 | Spider:3 | 26964 ||| READING 9 scrolls of identify.
 26964 | Spider:3 | 26964 ||| IDENTIFYING yellow potion
 27038 | Shoals:1 | Entered Level 1 of the Shoals
 27277 | Shoals:1 | 27277 ||| INVOKING Heroism.
 27302 | Shoals:1 | 27302 ||| INVOKING Heroism.
 27307 | Shoals:1 | 27307 ||| Stepping ~*~*~tactically~*~*~ (outnumbered).
 27309 | Shoals:1 | 27309 ||| Stepping ~*~*~tactically~*~*~ (outnumbered).
 27310 | Shoals:1 | 27310 ||| Stepping ~*~*~tactically~*~*~ (outnumbered).
 27580 | Shoals:1 | 27580 ||| INVOKING Heroism.
 27960 | Shoals:1 | 27960 ||| DROPPING ring of magical power.
 28305 | Shoals:2 | 28305 ||| INVOKING Heroism.
 28721 | Shoals:3 | 28721 ||| FLEEEEING.
 28722 | Shoals:3 | 28722 ||| FLEEEEING.
 28725 | Shoals:3 | 28725 ||| STAIRDANCE
 28790 | Shoals:3 | 28790 ||| Stepping ~*~*~tactically~*~*~ (outnumbered).
 28791 | Shoals:3 | 28791 ||| Stepping ~*~*~tactically~*~*~ (outnumbered).
 28792 | Shoals:3 | 28792 ||| Stepping ~*~*~tactically~*~*~ (outnumbered).
 28793 | Shoals:3 | 28793 ||| Stepping ~*~*~tactically~*~*~ (outnumbered).
 28794 | Shoals:3 | 28794 ||| INVOKING Heroism.
 28795 | Shoals:3 | 28795 ||| Stepping ~*~*~tactically~*~*~ (outnumbered).
 28796 | Shoals:3 | 28796 ||| Stepping ~*~*~tactically~*~*~ (outnumbered).
 28800 | Shoals:3 | 28800 ||| Stepping ~*~*~tactically~*~*~ (outnumbered).
 28802 | Shoals:3 | 28802 ||| Stepping ~*~*~tactically~*~*~ (outnumbered).
 28804 | Shoals:3 | 28804 ||| Stepping ~*~*~tactically~*~*~ (outnumbered).
 28905 | Shoals:3 | 28905 ||| SWAPPING to +1 longbow of freezing.
 28906 | Shoals:3 | 28906 ||| DROPPING +5 arbalest of flaming.
 28915 | Shoals:3 | 28915 ||| Stepping ~*~*~tactically~*~*~ (outnumbered).
 28917 | Shoals:3 | 28917 ||| Stepping ~*~*~tactically~*~*~ (outnumbered).
 28919 | Shoals:3 | 28919 ||| Stepping ~*~*~tactically~*~*~ (outnumbered).
 28921 | Shoals:3 | 28921 ||| INVOKING Heroism.
 28927 | Shoals:3 | 28927 ||| Stepping ~*~*~tactically~*~*~ (outnumbered).
 29286 | Shoals:3 | 29286 ||| FLEEEEING.
 29287 | Shoals:3 | 29287 ||| FLEEEEING.
 29288 | Shoals:3 | 29288 ||| FLEEEEING.
 29289 | Shoals:3 | 29289 ||| FLEEEEING.
 29290 | Shoals:3 | 29290 ||| FLEEEEING.
 29291 | Shoals:3 | 29291 ||| FLEEEEING.
 29292 | Shoals:3 | 29292 ||| FLEEEEING.
 29293 | Shoals:3 | 29293 ||| FLEEEEING.
 29294 | Shoals:3 | 29294 ||| FLEEEEING.
 29295 | Shoals:3 | 29295 ||| FLEEEEING.
 29296 | Shoals:3 | 29296 ||| FLEEEEING.
 29297 | Shoals:3 | 29297 ||| FLEEEEING.
 29298 | Shoals:3 | 29298 ||| FLEEEEING.
 29299 | Shoals:3 | 29299 ||| FLEEEEING.
 29300 | Shoals:3 | 29300 ||| FLEEEEING.
 29301 | Shoals:3 | 29301 ||| FLEEEEING.
 29302 | Shoals:3 | 29302 ||| FLEEEEING.
 29303 | Shoals:3 | 29303 ||| STAIRDANCE
 29418 | Shoals:3 | 29418 ||| Stepping ~*~*~tactically~*~*~ (outnumbered).
 29419 | Shoals:3 | 29419 ||| INVOKING Heroism.
 29420 | Shoals:3 | 29420 ||| INVOKING Finesse.
 29421 | Shoals:3 | 29421 ||| INVOKING Finesse.
 29432 | Shoals:3 | 29432 ||| RETREATING.
 29580 | Shoals:3 | 29580 ||| Stepping ~*~*~tactically~*~*~ (outnumbered).
 29582 | Shoals:3 | 29582 ||| Stepping ~*~*~tactically~*~*~ (outnumbered).
 29583 | Shoals:3 | 29583 ||| Stepping ~*~*~tactically~*~*~ (outnumbered).
 29585 | Shoals:3 | 29585 ||| Stepping ~*~*~tactically~*~*~ (outnumbered).
 29587 | Shoals:3 | 29587 ||| Stepping ~*~*~tactically~*~*~ (outnumbered).
 29589 | Shoals:3 | 29589 ||| Stepping ~*~*~tactically~*~*~ (outnumbered).
 29590 | Shoals:3 | 29590 ||| Stepping ~*~*~tactically~*~*~ (outnumbered).
 29592 | Shoals:3 | 29592 ||| Stepping ~*~*~tactically~*~*~ (outnumbered).
 29601 | Shoals:3 | 29601 ||| Stepping ~*~*~tactically~*~*~ (outnumbered).
 29642 | Shoals:3 | Reached XP level 18. HP: 129/129 MP: 25/25
 29757 | Shoals:3 | 29757 ||| READING scroll of enchant weapon.
 29757 | Shoals:3 | 29757 ||| ENCHANTING +1 longbow of freezing.
 30177 | Shoals:3 | 30177 ||| PLANNING SPIDER:4
 30308 | Spider:4 | Entered Level 4 of the Spider Nest
 30309 | Spider:4 | 30309 ||| INVOKING Finesse.
 30311 | Spider:4 | 30311 ||| RETREATING.
 30312 | Spider:4 | 30312 ||| RETREATING.
 30344 | Spider:4 | Received a gift from Okawaru
 30369 | Spider:4 | 30369 ||| FLEEEEING.
 30370 | Spider:4 | 30370 ||| FLEEEEING.
 30371 | Spider:4 | 30371 ||| STAIRDANCE
 30430 | Spider:4 | 30430 ||| SWAPPING to +1 triple crossbow of flaming.
 30431 | Spider:4 | 30431 ||| DROPPING +2 longbow of freezing.
 30537 | Spider:4 | 30537 ||| INVOKING Heroism.
 30539 | Spider:4 | 30539 ||| RETREATING.
 30540 | Spider:4 | 30540 ||| Stepping ~*~*~tactically~*~*~ (retreating).
 30697 | Spider:4 | 30697 ||| INVOKING Finesse.
 30731 | Spider:4 | 30731 ||| Stepping ~*~*~tactically~*~*~ (retreating).
 30734 | Spider:4 | 30734 ||| Stepping ~*~*~tactically~*~*~ (retreating).
 30735 | Spider:4 | 30735 ||| Stepping ~*~*~tactically~*~*~ (outnumbered).
 30761 | Spider:4 | 30761 ||| INVOKING Heroism.
 30977 | Spider:4 | 30977 ||| Stepping randomly (disturbance).
 30978 | Spider:4 | 30978 ||| Stepping randomly (disturbance).
 30986 | Spider:4 | 30986 ||| INVOKING Heroism.
 31009 | Spider:4 | 31009 ||| FLEEEEING.
 31010 | Spider:4 | 31010 ||| FLEEEEING.
 31011 | Spider:4 | 31011 ||| FLEEEEING.
 31046 | Spider:4 | 31046 ||| FLEEEEING.
 31058 | Spider:4 | 31058 ||| FLEEEEING.
 31059 | Spider:4 | 31059 ||| FLEEEEING.
 31060 | Spider:4 | 31060 ||| FLEEEEING.
 31061 | Spider:4 | 31061 ||| FLEEEEING.
 31062 | Spider:4 | 31062 ||| FLEEEEING.
 31063 | Spider:4 | 31063 ||| FLEEEEING.
 31064 | Spider:4 | 31064 ||| FLEEEEING.
 31066 | Spider:4 | 31066 ||| FLEEEEING.
 31067 | Spider:4 | 31067 ||| FLEEEEING.
 31068 | Spider:4 | 31068 ||| FLEEEEING.
 31069 | Spider:4 | 31069 ||| FLEEEEING.
 31073 | Spider:4 | 31073 ||| FLEEEEING.
 31074 | Spider:4 | 31074 ||| STAIRDANCE
 31148 | Spider:4 | 31148 ||| INVOKING Heroism.
 31156 | Spider:4 | 31156 ||| STAIRDANCE
 31379 | Spider:4 | 31379 ||| STAIRDANCE
 31507 | Spider:4 | 31507 ||| FLEEEEING.
 31508 | Spider:4 | 31508 ||| FLEEEEING.
 31509 | Spider:4 | 31509 ||| FLEEEEING.
 31510 | Spider:4 | 31510 ||| FLEEEEING.
 31546 | Spider:4 | 31546 ||| FLEEEEING.
 31548 | Spider:4 | 31548 ||| FLEEEEING.
 31549 | Spider:4 | 31549 ||| FLEEEEING.
 31550 | Spider:4 | 31550 ||| FLEEEEING.
 31551 | Spider:4 | 31551 ||| FLEEEEING.
 31552 | Spider:4 | 31552 ||| FLEEEEING.
 31625 | Spider:4 | 31625 ||| FLEEEEING.
 31711 | Spider:4 | 31711 ||| FLEEEEING.
 31714 | Spider:4 | 31714 ||| FLEEEEING.
 31715 | Spider:4 | 31715 ||| FLEEEEING.
 31716 | Spider:4 | 31716 ||| STAIRDANCE
 31801 | Spider:4 | 31801 ||| INVOKING Heroism.
 31804 | Spider:4 | 31804 ||| STAIRDANCE
 31884 | Spider:4 | 31884 ||| STAIRDANCE
 31886 | Spider:3 | 31886 ||| INVOKING Heroism.
 32146 | Spider:4 | 32146 ||| READING scroll of enchant armour.
 32146 | Spider:4 | 32146 ||| ENCHANTING +0 helmet.
 32336 | Spider:4 | 32336 ||| INVOKING Heroism.
 32338 | Spider:4 | 32338 ||| RETREATING.
 32346 | Spider:4 | 32346 ||| Stepping ~*~*~tactically~*~*~ (retreating).
 32350 | Spider:4 | 32350 ||| Stepping ~*~*~tactically~*~*~ (retreating).
 32356 | Spider:4 | 32356 ||| Stepping ~*~*~tactically~*~*~ (retreating).
 32357 | Spider:4 | 32357 ||| Stepping ~*~*~tactically~*~*~ (retreating).
 32358 | Spider:4 | 32358 ||| Stepping ~*~*~tactically~*~*~ (retreating).
 32367 | Spider:4 | HP: 31/129 [something (12)]
 32427 | Spider:4 | 32427 ||| INVOKING Heroism.
 32675 | Spider:4 | 32675 ||| Stepping ~*~*~tactically~*~*~ (retreating).
 32676 | Spider:4 | 32676 ||| INVOKING Heroism.
 32678 | Spider:4 | 32678 ||| Stepping ~*~*~tactically~*~*~ (retreating).
 32679 | Spider:4 | 32679 ||| Stepping ~*~*~tactically~*~*~ (retreating).
 32680 | Spider:4 | 32680 ||| Stepping ~*~*~tactically~*~*~ (retreating).
 32681 | Spider:4 | 32681 ||| Stepping ~*~*~tactically~*~*~ (retreating).
 32695 | Spider:4 | HP: 12/129 [emperor scorpion (23)]
 32696 | Spider:4 | 32696 ||| READING 6 scrolls of teleportation.
 32696 | Spider:4 | HP: 5/129 [emperor scorpion (3)]
 32697 | Spider:4 | 32697 ||| DRINKING 2 potions of heal wounds.
 32698 | Spider:4 | 32698 ||| DRINKING potion of heal wounds.
 33001 | Spider:4 | 33001 ||| RETREATING.
 33003 | Spider:4 | 33003 ||| Stepping ~*~*~tactically~*~*~ (retreating).
 33004 | Spider:4 | 33004 ||| INVOKING Heroism.
 33005 | Spider:4 | 33005 ||| Stepping ~*~*~tactically~*~*~ (retreating).
 33006 | Spider:4 | 33006 ||| Stepping ~*~*~tactically~*~*~ (retreating).
 33007 | Spider:4 | 33007 ||| Stepping ~*~*~tactically~*~*~ (retreating).
 33008 | Spider:4 | 33008 ||| Stepping ~*~*~tactically~*~*~ (retreating).
 33010 | Spider:4 | 33010 ||| Stepping ~*~*~tactically~*~*~ (retreating).
 33197 | Spider:4 | 33197 ||| INVOKING Heroism.
 33355 | Spider:4 | 33355 ||| INVOKING Heroism.
 33373 | Spider:4 | Identified the +2 hat "Ythroele" {Dex+3}
 33394 | Spider:4 | Got a gossamer rune of Zot
 33443 | Spider:4 | 33443 ||| PLANNING VAULTS:1-4
 33443 | Spider:4 | 33443 ||| UPGRADING to +2 hat "Ythroele" {Dex+3}.
 33453 | Spider:4 | 33453 ||| DROPPING +1 helmet.
 33454 | Spider:4 | 33454 ||| DROPPING scarf of invisibility.
 33455 | Spider:4 | 33455 ||| UPGRADING to ring of willpower.
 33457 | Spider:4 | 33457 ||| UPGRADING to ring of fire.
 33459 | Spider:4 | 33459 ||| READING 12 scrolls of identify.
 33459 | Spider:4 | 33459 ||| IDENTIFYING fizzy emerald potion
 33733 | Vaults:1 | Entered Level 1 of the Vaults
 33734 | Vaults:1 | 33734 ||| PLANNING DESOLATION
 33746 | Vaults:1 | 33746 ||| INVOKING Heroism.
 33788 | Vaults:1 | Found the +2 Maxwell's thermic engine {flame, freeze, rev}
 33789 | Vaults:1 | 33789 ||| RETREATING.
 33791 | Vaults:1 | 33791 ||| INVOKING Heroism.
 33799 | Vaults:1 | 33799 ||| Stepping ~*~*~tactically~*~*~ (retreating).
 33800 | Vaults:1 | 33800 ||| Stepping ~*~*~tactically~*~*~ (retreating).
 33801 | Vaults:1 | 33801 ||| Stepping ~*~*~tactically~*~*~ (retreating).
 33802 | Vaults:1 | 33802 ||| Stepping ~*~*~tactically~*~*~ (retreating).
 33806 | Vaults:1 | 33806 ||| Stepping ~*~*~tactically~*~*~ (retreating).
 33807 | Vaults:1 | 33807 ||| Stepping ~*~*~tactically~*~*~ (retreating).
 33808 | Vaults:1 | 33808 ||| Stepping ~*~*~tactically~*~*~ (retreating).
 33809 | Vaults:1 | 33809 ||| Stepping ~*~*~tactically~*~*~ (retreating).
 33998 | Vaults:1 | Reached skill level 21 in Ranged Weapons
 34028 | Vaults:1 | 34028 ||| FLEEEEING.
 34029 | Vaults:1 | 34029 ||| FLEEEEING.
 34035 | Vaults:1 | 34035 ||| FLEEEEING.
 34036 | Vaults:1 | 34036 ||| FLEEEEING.
 34037 | Vaults:1 | 34037 ||| FLEEEEING.
 34169 | Vaults:1 | 34169 ||| FLEEEEING.
 34232 | Vaults:1 | 34232 ||| Stepping ~*~*~tactically~*~*~ (outnumbered).
 34251 | Vaults:1 | 34251 ||| Stepping ~*~*~tactically~*~*~ (retreating).
 34252 | Vaults:1 | 34252 ||| Stepping ~*~*~tactically~*~*~ (retreating).
 34253 | Vaults:1 | 34253 ||| RETREATING.
 34254 | Vaults:1 | 34254 ||| Stepping ~*~*~tactically~*~*~ (retreating).
 34259 | Vaults:1 | 34259 ||| INVOKING Heroism.
 34501 | Vaults:1 | 34501 ||| RIP DESOLATION
 34521 | Vaults:1 | 34521 ||| PLANNING VAULTS:1-4
 34717 | Vaults:1 | 34717 ||| Stepping ~*~*~tactically~*~*~ (outnumbered).
 34720 | Vaults:1 | 34720 ||| RETREATING.
 34742 | Vaults:1 | 34742 ||| Stepping ~*~*~tactically~*~*~ (outnumbered).
 34743 | Vaults:1 | 34743 ||| Stepping ~*~*~tactically~*~*~ (outnumbered).
 34744 | Vaults:1 | 34744 ||| Stepping ~*~*~tactically~*~*~ (outnumbered).
 34745 | Vaults:1 | 34745 ||| Stepping ~*~*~tactically~*~*~ (outnumbered).
 34746 | Vaults:1 | 34746 ||| Stepping ~*~*~tactically~*~*~ (outnumbered).
 34747 | Vaults:1 | 34747 ||| Stepping ~*~*~tactically~*~*~ (outnumbered).
 34748 | Vaults:1 | 34748 ||| Stepping ~*~*~tactically~*~*~ (outnumbered).
 34751 | Vaults:1 | 34751 ||| Stepping ~*~*~tactically~*~*~ (outnumbered).
 34755 | Vaults:1 | 34755 ||| Stepping ~*~*~tactically~*~*~ (outnumbered).
 34759 | Vaults:1 | Reached XP level 19. HP: 119/134 MP: 26/26
 34866 | Vaults:1 | Found Omiuguph's Antique Armour Boutique.
 34871 | Vaults:1 | 34871 ||| BUYING ichor-stained leather armour (175 gold).
 34871 | Vaults:1 | Bought an ichor-stained leather armour for 175 gold pieces
 34871 | Vaults:1 | Identified the +0 leather armour of Jeocin {Rampage rN++
                  | Str-3 SInv} (You bought it in a shop on level 1 of the
                  | Vaults)
 34871 | Vaults:1 | 34871 ||| BUYING runed leather armour (125 gold).
 34871 | Vaults:1 | Bought a runed leather armour for 125 gold pieces
 34890 | Vaults:1 | 34890 ||| Stepping ~*~*~tactically~*~*~ (outnumbered).
 34893 | Vaults:1 | 34893 ||| Stepping ~*~*~tactically~*~*~ (outnumbered).
 34894 | Vaults:1 | 34894 ||| Stepping ~*~*~tactically~*~*~ (outnumbered).
 34895 | Vaults:1 | 34895 ||| Stepping ~*~*~tactically~*~*~ (outnumbered).
 34896 | Vaults:1 | 34896 ||| Stepping ~*~*~tactically~*~*~ (outnumbered).
 34898 | Vaults:1 | 34898 ||| Stepping ~*~*~tactically~*~*~ (outnumbered).
 34899 | Vaults:1 | 34899 ||| Stepping ~*~*~tactically~*~*~ (outnumbered).
 34900 | Vaults:1 | 34900 ||| Stepping ~*~*~tactically~*~*~ (outnumbered).
 34901 | Vaults:1 | 34901 ||| Stepping ~*~*~tactically~*~*~ (outnumbered).
 35126 | Vaults:1 | 35126 ||| Stepping ~*~*~tactically~*~*~ (outnumbered).
 35128 | Vaults:1 | 35128 ||| Stepping ~*~*~tactically~*~*~ (outnumbered).
 35130 | Vaults:1 | 35130 ||| INVOKING Heroism.
 35131 | Vaults:1 | 35131 ||| Stepping ~*~*~tactically~*~*~ (outnumbered).
 35137 | Vaults:1 | HP: 28/134 [ironbound frostheart/creeping frost (64)]
 35138 | Vaults:1 | 35138 ||| READING 5 scrolls of teleportation.
 35451 | Vaults:1 | 35451 ||| READING scroll of acquirement.
 35451 | Vaults:1 | 35451 ||| ACQUIRING 622 gold pieces
 35451 | Vaults:1 | Acquired 622 gold pieces
 35461 | Vaults:1 | Found Bap Cad's Antique Armour Emporium.
 35469 | Vaults:1 | 35469 ||| BUYING dyed leather armour (175 gold).
 35469 | Vaults:1 | Bought a dyed leather armour for 175 gold pieces
 35469 | Vaults:1 | 35469 ||| BUYING embroidered scarf (280 gold).
 35469 | Vaults:1 | Bought an embroidered scarf for 280 gold pieces
 35469 | Vaults:1 | 35469 ||| BUYING scorched helmet (332 gold).
 35469 | Vaults:1 | Bought a scorched helmet for 332 gold pieces
 35469 | Vaults:1 | Identified the +0 helmet "Baptoc" {Drain rCorr Str+3} (You
                  | bought it in a shop on level 1 of the Vaults)
 35496 | Vaults:1 | Found Xagguim's Antique Armour Shop.
 35504 | Vaults:1 | 35504 ||| BUYING encrusted ring mail (423 gold).
 35504 | Vaults:1 | Bought an encrusted ring mail for 423 gold pieces
 35504 | Vaults:1 | Identified the +2 ring mail of Xom's Righteous Fury
                  | {Will+++ Str-3 SInv Stlth-} (You bought it in a shop on
                  | level 1 of the Vaults)
 35504 | Vaults:1 | 35504 ||| BUYING glowing helmet (352 gold).
 35504 | Vaults:1 | Bought a glowing helmet for 352 gold pieces
 35504 | Vaults:1 | 35504 ||| BUYING glowing helmet (352 gold).
 35504 | Vaults:1 | Bought a glowing helmet for 352 gold pieces
 35517 | Vaults:1 | 35517 ||| INVOKING Heroism.
 35538 | Vaults:1 | Found Goikam's Jewellery Shop.
 35547 | Vaults:1 | 35547 ||| SHOPLISTING +5 ring of evasion (612 gold, have
                  | 128).
 35547 | Vaults:1 | 35547 ||| SHOPLISTING +6 ring of strength (612 gold, have
                  | 128).
 35547 | Vaults:1 | 35547 ||| SHOPLISTING amulet of regeneration (510 gold,
                  | have 128).
 35547 | Vaults:1 | 35547 ||| SHOPLISTING ring of resist corrosion (340 gold,
                  | have 128).
 35644 | Vaults:1 | 35644 ||| INVOKING Heroism.
 35795 | Vaults:1 | 35795 ||| DROPPING +0 ring mail of fire resistance.
 35796 | Vaults:1 | 35796 ||| DROPPING +0 leather armour of Jeocin {Rampage
                  | rN++ Str-3 SInv}.
 35797 | Vaults:1 | 35797 ||| DROPPING scarf of invisibility.
 35798 | Vaults:1 | 35798 ||| DROPPING +0 helmet "Baptoc" {Drain rCorr Str+3}.
 35799 | Vaults:1 | 35799 ||| UPGRADING to +2 ring mail of Xom's Righteous Fury
                  | {Will+++ Str-3 SInv Stlth-}.
 35809 | Vaults:1 | 35809 ||| REMOVING ring of willpower.
 35810 | Vaults:1 | 35810 ||| REMOVING ring of fire.
 35811 | Vaults:1 | 35811 ||| DROPPING +2 helmet.
 35812 | Vaults:1 | 35812 ||| DROPPING +1 helmet.
 35813 | Vaults:1 | 35813 ||| UPGRADING to +6 ring of strength.
 35814 | Vaults:1 | 35814 ||| UPGRADING to ring of Wu Jian's Generosity {Ice
                  | Str+3}.
 35815 | Vaults:1 | 35815 ||| UPGRADING to ring of ice.
 35886 | Vaults:2 | 35886 ||| Stepping ~*~*~tactically~*~*~ (retreating).
 35888 | Vaults:2 | 35888 ||| Stepping ~*~*~tactically~*~*~ (retreating).
 35893 | Vaults:2 | 35893 ||| Stepping ~*~*~tactically~*~*~ (retreating).
 35894 | Vaults:2 | 35894 ||| Stepping ~*~*~tactically~*~*~ (outnumbered).
 35901 | Vaults:2 | 35901 ||| INVOKING Heroism.
 36017 | Vaults:2 | Noticed Aizul
 36018 | Vaults:2 | 36018 ||| INVOKING Heroism.
 36029 | Vaults:2 | Killed Aizul
 36463 | Vaults:2 | 36463 ||| RETREATING.
 36487 | Vaults:2 | 36487 ||| Stepping ~*~*~tactically~*~*~ (retreating).
 36488 | Vaults:2 | 36488 ||| Stepping ~*~*~tactically~*~*~ (retreating).
 36489 | Vaults:2 | 36489 ||| Stepping ~*~*~tactically~*~*~ (retreating).
 36490 | Vaults:2 | 36490 ||| Stepping ~*~*~tactically~*~*~ (retreating).
 36491 | Vaults:2 | 36491 ||| Stepping ~*~*~tactically~*~*~ (retreating).
 36492 | Vaults:2 | 36492 ||| Stepping ~*~*~tactically~*~*~ (retreating).
 36493 | Vaults:2 | 36493 ||| INVOKING Heroism.
 36507 | Vaults:2 | HP: 31/135 [vault warden/+0 battleaxe (11)]
 36508 | Vaults:2 | 36508 ||| READING 4 scrolls of teleportation.
 36561 | Vaults:2 | 36561 ||| INVOKING Heroism.
 36565 | Vaults:2 | 36565 ||| Stepping ~*~*~tactically~*~*~ (retreating).
 36566 | Vaults:2 | 36566 ||| Stepping ~*~*~tactically~*~*~ (retreating).
 36567 | Vaults:2 | 36567 ||| Stepping ~*~*~tactically~*~*~ (retreating).
 36568 | Vaults:2 | 36568 ||| Stepping ~*~*~tactically~*~*~ (retreating).
 36570 | Vaults:2 | 36570 ||| Stepping ~*~*~tactically~*~*~ (retreating).
 36571 | Vaults:2 | 36571 ||| Stepping ~*~*~tactically~*~*~ (retreating).
 36572 | Vaults:2 | 36572 ||| Stepping ~*~*~tactically~*~*~ (retreating).
 36573 | Vaults:2 | 36573 ||| Stepping ~*~*~tactically~*~*~ (retreating).
 36574 | Vaults:2 | 36574 ||| Stepping ~*~*~tactically~*~*~ (retreating).
 36575 | Vaults:2 | 36575 ||| Stepping ~*~*~tactically~*~*~ (retreating).
 36577 | Vaults:2 | HP: 29/135 [deep troll (9)]
 36578 | Vaults:2 | 36578 ||| READING 3 scrolls of teleportation.
 36582 | Vaults:2 | Found a portal to a secret trove of treasure.
 36907 | Vaults:2 | Found a staircase to the Crypt.
 36943 | Vaults:2 | 36943 ||| RETREATING.
 36945 | Vaults:2 | 36945 ||| Stepping ~*~*~tactically~*~*~ (retreating).
 36946 | Vaults:2 | 36946 ||| Stepping ~*~*~tactically~*~*~ (retreating).
 36947 | Vaults:2 | 36947 ||| Stepping ~*~*~tactically~*~*~ (retreating).
 36948 | Vaults:2 | 36948 ||| Stepping ~*~*~tactically~*~*~ (outnumbered).
 36950 | Vaults:2 | 36950 ||| FLEEEEING.
 36951 | Vaults:2 | 36951 ||| Stepping ~*~*~tactically~*~*~ (retreating).
 36952 | Vaults:2 | 36952 ||| Stepping ~*~*~tactically~*~*~ (retreating).
 36953 | Vaults:2 | 36953 ||| Stepping ~*~*~tactically~*~*~ (retreating).
 36954 | Vaults:2 | 36954 ||| Stepping ~*~*~tactically~*~*~ (retreating).
 36955 | Vaults:2 | 36955 ||| Stepping ~*~*~tactically~*~*~ (retreating).
 36956 | Vaults:2 | 36956 ||| Stepping ~*~*~tactically~*~*~ (retreating).
 36957 | Vaults:2 | 36957 ||| INVOKING Heroism.
 36962 | Vaults:2 | Reached skill level 12 in Dodging
 36968 | Vaults:2 | HP: 24/135 [ettin/+2 heavy dire flail (21)]
 36969 | Vaults:2 | 36969 ||| READING 2 scrolls of teleportation.
 37052 | Vaults:2 | 37052 ||| INVOKING Heroism.
 37316 | Vaults:2 | 37316 ||| Stepping ~*~*~tactically~*~*~ (retreating).
 37354 | Vaults:2 | 37354 ||| INVOKING Heroism.
 37505 | Vaults:2 | 37505 ||| INVOKING Heroism.
 37506 | Vaults:2 | 37506 ||| INVOKING Finesse.
 37559 | Vaults:2 | 37559 ||| FLEEEEING.
 37560 | Vaults:2 | 37560 ||| FLEEEEING.
 37561 | Vaults:2 | 37561 ||| FLEEEEING.
 37562 | Vaults:2 | 37562 ||| FLEEEEING.
 37563 | Vaults:2 | 37563 ||| FLEEEEING.
 37564 | Vaults:2 | 37564 ||| FLEEEEING.
 37565 | Vaults:2 | 37565 ||| FLEEEEING.
 37566 | Vaults:2 | 37566 ||| FLEEEEING.
 37567 | Vaults:2 | 37567 ||| FLEEEEING.
 37568 | Vaults:2 | 37568 ||| FLEEEEING.
 37569 | Vaults:2 | 37569 ||| FLEEEEING.
 37570 | Vaults:2 | 37570 ||| FLEEEEING.
 37571 | Vaults:2 | 37571 ||| FLEEEEING.
 37572 | Vaults:2 | 37572 ||| FLEEEEING.
 37573 | Vaults:2 | 37573 ||| FLEEEEING.
 37574 | Vaults:2 | 37574 ||| FLEEEEING.
 37575 | Vaults:2 | 37575 ||| FLEEEEING.
 37576 | Vaults:2 | 37576 ||| FLEEEEING.
 37577 | Vaults:2 | 37577 ||| FLEEEEING.
 37578 | Vaults:2 | 37578 ||| FLEEEEING.
 37579 | Vaults:2 | 37579 ||| FLEEEEING.
 37580 | Vaults:2 | 37580 ||| FLEEEEING.
 37581 | Vaults:2 | 37581 ||| FLEEEEING.
 37582 | Vaults:2 | 37582 ||| FLEEEEING.
 37583 | Vaults:2 | 37583 ||| FLEEEEING.
 37584 | Vaults:2 | 37584 ||| FLEEEEING.
 37585 | Vaults:2 | 37585 ||| FLEEEEING.
 37586 | Vaults:2 | 37586 ||| FLEEEEING.
 37587 | Vaults:2 | 37587 ||| FLEEEEING.
 37588 | Vaults:2 | 37588 ||| FLEEEEING.
 37589 | Vaults:2 | 37589 ||| FLEEEEING.
 37590 | Vaults:2 | 37590 ||| FLEEEEING.
 37591 | Vaults:2 | 37591 ||| FLEEEEING.
 37592 | Vaults:2 | 37592 ||| FLEEEEING.
 37594 | Vaults:2 | 37594 ||| FLEEEEING.
 37595 | Vaults:2 | 37595 ||| STAIRDANCE
 37764 | Vaults:2 | 37764 ||| Stepping ~*~*~tactically~*~*~ (retreating).
 37765 | Vaults:2 | 37765 ||| RETREATING.
 37766 | Vaults:2 | 37766 ||| Stepping ~*~*~tactically~*~*~ (retreating).
 37767 | Vaults:2 | 37767 ||| Stepping ~*~*~tactically~*~*~ (retreating).
 37768 | Vaults:2 | 37768 ||| Stepping ~*~*~tactically~*~*~ (retreating).
 37769 | Vaults:2 | 37769 ||| Stepping ~*~*~tactically~*~*~ (retreating).
 38016 | Vaults:2 | Found a transporter.
 38018 | Vaults:2 | Found a transporter.
 38021 | Vaults:2 | Noticed qw's ghost (adept GrHu)
 38023 | Vaults:2 | Found a bloodstained altar of Trog.
 38214 | Vaults:3 | 38214 ||| READING scroll of enchant weapon.
 38214 | Vaults:3 | 38214 ||| ENCHANTING +1 triple crossbow of flaming.
 38357 | Vaults:3 | 38357 ||| RETREATING.
 38376 | Vaults:3 | 38376 ||| INVOKING Heroism.
 38380 | Vaults:3 | Reached skill level 21 in Fighting
 38550 | Vaults:3 | 38550 ||| READING scroll of enchant weapon.
 38550 | Vaults:3 | 38550 ||| ENCHANTING +2 triple crossbow of flaming.
 38673 | Vaults:3 | 38673 ||| READING scroll of enchant weapon.
 38673 | Vaults:3 | 38673 ||| ENCHANTING +3 triple crossbow of flaming.
 38802 | Vaults:3 | 38802 ||| RETREATING.
 38812 | Vaults:3 | 38812 ||| FLEEEEING.
 38916 | Vaults:3 | Identified the +1 pair of gloves "Qorhon" {Rampage Drain
                  | +Inv} (Okawaru gifted it to you on level 3 of the Vaults)
 38916 | Vaults:3 | Received a gift from Okawaru
 38950 | Vaults:3 | 38950 ||| DROPPING +1 pair of gloves "Qorhon" {Rampage
                  | Drain +Inv}.
 38951 | Vaults:3 | Noticed a dread lich
 38951 | Vaults:3 | Found the +27 heavy crossbow "Sniper" {heavy, Acc+∞ SInv}
 38956 | Vaults:3 | 38956 ||| INVOKING Heroism.
 38957 | Vaults:3 | 38957 ||| INVOKING Finesse.
 38958 | Vaults:3 | 38958 ||| Stepping ~*~*~tactically~*~*~ (retreating).
 38960 | Vaults:3 | 38960 ||| Stepping ~*~*~tactically~*~*~ (retreating).
 38961 | Vaults:3 | 38961 ||| RETREATING.
 38962 | Vaults:3 | Killed a dread lich
 39071 | Vaults:3 | Reached XP level 20. HP: 124/144 MP: 27/27
 39133 | Vaults:3 | 39133 ||| SWAPPING to +27 heavy crossbow "Sniper" {heavy,
                  | Acc+∞ SInv}.
 39134 | Vaults:3 | 39134 ||| DROPPING +4 triple crossbow of flaming.
 39189 | Vaults:3 | 39189 ||| Stepping ~*~*~tactically~*~*~ (retreating).
 39190 | Vaults:3 | 39190 ||| Stepping ~*~*~tactically~*~*~ (retreating).
 39191 | Vaults:3 | 39191 ||| Stepping ~*~*~tactically~*~*~ (retreating).
 39192 | Vaults:3 | 39192 ||| Stepping ~*~*~tactically~*~*~ (retreating).
 39193 | Vaults:3 | 39193 ||| Stepping ~*~*~tactically~*~*~ (retreating).
 39194 | Vaults:3 | 39194 ||| Stepping ~*~*~tactically~*~*~ (retreating).
 39201 | Vaults:3 | 39201 ||| INVOKING Heroism.
 39439 | Vaults:3 | Found Zesaid's Weapon Shoppe.
 39570 | Vaults:3 | 39570 ||| DROPPING scarf of invisibility.
 39651 | Vaults:4 | 39651 ||| Stepping ~*~*~tactically~*~*~ (retreating).
 39652 | Vaults:4 | 39652 ||| Stepping ~*~*~tactically~*~*~ (retreating).
 39653 | Vaults:4 | 39653 ||| Stepping ~*~*~tactically~*~*~ (retreating).
 39654 | Vaults:4 | 39654 ||| Stepping ~*~*~tactically~*~*~ (retreating).
 39687 | Vaults:4 | 39687 ||| Stepping ~*~*~tactically~*~*~ (outnumbered).
 39689 | Vaults:4 | 39689 ||| Stepping ~*~*~tactically~*~*~ (outnumbered).
 39693 | Vaults:4 | 39693 ||| INVOKING Heroism.
 40418 | Vaults:4 | 40418 ||| RETREATING.
 40422 | Vaults:4 | 40422 ||| INVOKING Heroism.
 40426 | Vaults:4 | HP: 24/145 [large slime creature (21)]
 40427 | Vaults:4 | 40427 ||| READING scroll of teleportation.
 40428 | Vaults:4 | 40428 ||| DRINKING 2 potions of heal wounds.
 40484 | Vaults:4 | 40484 ||| INVOKING Heroism.
 41006 | Vaults:4 | 41006 ||| Stepping ~*~*~tactically~*~*~ (outnumbered).
 41010 | Vaults:4 | 41010 ||| Stepping ~*~*~tactically~*~*~ (outnumbered).
 41114 | Vaults:4 | 41114 ||| RETREATING.
 41117 | Vaults:4 | 41117 ||| RETREATING.
 41119 | Vaults:4 | 41119 ||| Stepping ~*~*~tactically~*~*~ (retreating).
 41121 | Vaults:4 | 41121 ||| INVOKING Heroism.
 41134 | Vaults:4 | 41134 ||| Stepping ~*~*~tactically~*~*~ (retreating).
 41135 | Vaults:4 | 41135 ||| Stepping ~*~*~tactically~*~*~ (retreating).
 41136 | Vaults:4 | 41136 ||| Stepping ~*~*~tactically~*~*~ (retreating).
 41137 | Vaults:4 | 41137 ||| Stepping ~*~*~tactically~*~*~ (retreating).
 41138 | Vaults:4 | 41138 ||| Stepping ~*~*~tactically~*~*~ (retreating).
 41140 | Vaults:4 | 41140 ||| Stepping ~*~*~tactically~*~*~ (retreating).
 41142 | Vaults:4 | 41142 ||| Stepping ~*~*~tactically~*~*~ (retreating).
 41143 | Vaults:4 | 41143 ||| Stepping ~*~*~tactically~*~*~ (retreating).
 41144 | Vaults:4 | 41144 ||| Stepping ~*~*~tactically~*~*~ (retreating).
 41508 | Vaults:4 | 41508 ||| RETREATING.
 41513 | Vaults:4 | 41513 ||| Stepping ~*~*~tactically~*~*~ (retreating).
 41514 | Vaults:4 | 41514 ||| Stepping ~*~*~tactically~*~*~ (retreating).
 41516 | Vaults:4 | 41516 ||| INVOKING Heroism.
 41518 | Vaults:4 | 41518 ||| INVOKING Finesse.
 41665 | Vaults:5 | Entered Level 5 of the Vaults
 41667 | Vaults:5 | 41667 ||| STAIRDANCE
 41670 | Vaults:4 | 41670 ||| Stepping ~*~*~tactically~*~*~ (retreating).
 41671 | Vaults:4 | 41671 ||| Stepping ~*~*~tactically~*~*~ (retreating).
 41672 | Vaults:4 | 41672 ||| Stepping ~*~*~tactically~*~*~ (retreating).
 41673 | Vaults:4 | 41673 ||| Stepping ~*~*~tactically~*~*~ (retreating).
 41674 | Vaults:4 | 41674 ||| Stepping ~*~*~tactically~*~*~ (retreating).
 41675 | Vaults:4 | 41675 ||| INVOKING Heroism.
 41680 | Vaults:4 | HP: 24/147 [vault guard/+3 great mace (16)]
 41681 | Vaults:4 | 41681 ||| DRINKING potion of heal wounds.
 41684 | Vaults:4 | HP: 9/147 [vault guard/+3 great mace (11)]
 41686 | Vaults:4 | 41686 ||| INVOKING Heroism.
 41689 | Vaults:4 | HP: 7/147 [vault guard/+0 dire flail (1)]
 42013 | Vaults:5 | 42013 ||| STAIRDANCE
 42015 | Vaults:4 | 42015 ||| Stepping ~*~*~tactically~*~*~ (retreating).
 42016 | Vaults:4 | 42016 ||| Stepping ~*~*~tactically~*~*~ (retreating).
 42017 | Vaults:4 | 42017 ||| Stepping ~*~*~tactically~*~*~ (retreating).
 42020 | Vaults:4 | 42020 ||| INVOKING Heroism.
 42024 | Vaults:4 | HP: 34/147 [vault guard/+1 great sword of freezing (9)]
 42026 | Vaults:4 | HP: 11/147 [vault guard/+0 war axe (19)]
 42028 | Vaults:4 | HP: 2/147 [vault guard/+3 long sword (5)]
 42029 | Vaults:4 | Mangled by a vault guard

Levels and vault maps discovered:
D:1:      dpeg_arrival_stone_temple_mockup, layout_loops_ring,
          ebering_ecumenical_altar_box
D:2:      layout_loops_corners, basic_altar, kennysheep_generic_room_7
D:3:      layout_loops_ring, lemuel_doored_altar, uniq_natasha
D:4:      layout_cave_pools, temple_pool_b, minmay_misc_feat_encased,
          serial_park_tiny_1, grunt_ministairs_9, nicolae_shop_i_like_big_books,
          st_stairs_13, minmay_tree_intersection, minmay_box_of_dots
D:5:      layout_basic, mainiacjoe_overflow_paths,
          nicolae_ru_sacrificial_ziggurat, minmay_small_thing, uniq_ijyb,
          uniq_prince_ribbit1, uniq_eustachio, uniq_pikel
D:6:      lemuel_ratsnest, layout_loops_ring, minitemple, uniq_duvessa,
          uniq_blork_the_orc
D:7:      layout_loops_ring, nicolae_zen_rock_garden, chequers_arboretum,
          corexii_hall_statues_s, nicolae_stop_n_shop_2, uniq_joseph
D:8:      layout_loops_corners, minmay_nine_imps
D:9:      layout_small_grid, lair_entry_dummy, st_stairs_8, fountainhead
D:10:     layout_rooms, hangedman_decor_peaks_small, minmay_strange_pillars,
          uniq_lodul, uniq_maurice, uniq_grum
D:11:     layout_basic, item_on_display_a
D:12:     layout_irregular_city, erik_orc_2, serial_shops,
          nicolae_inconvenience_store, grunt_ministairs_10
D:13:     layout_gridville, uniq_rupert
D:14:     layout_roguey, david_vaults_5, nicolae_shop_distant_corner_stores,
          uniq_kirke
D:15:     hangedman_depths_entry_civil_slaughter, layout_cave_pools,
          chequers_serial_rivers_micro_d
Temple:   eino_temple_lava
Lair:1:   layout_regular_city, gauntlet_entry_generic, grunt_megastairs_3
Lair:2:   layout_hall_layers, nicolae_shoals_entry_flooding,
          spider_nest_entry_rubble
Lair:3:   hellmonk_ruined_rings, layout_layer_cave, disabler_island
Lair:4:   layout_regular_city, dpeg_slime_entry_enclosed,
          ebering_ghost_rock_garden, chequers_serial_rivers_marsh,
          lemuel_fruit_tree, infiniplex_staircase_pool_2, serial_bayou_shore_b,
          serial_bayou_shore_b
Lair:5:   evil_forest, layout_cave_shapes, nicolae_lair_grove_arrangements,
          chequers_serial_rivers_room_b, grunt_megastairs_4,
          lemuel_fruit_fields, uniq_sonja
Shoals:1: layout_shoals, nicolae_shoals_nymph_descending_staircase
Shoals:2: layout_shoals, nicolae_shoals_gull_way
Shoals:3: layout_shoals, nicolae_shoals_shepherds
Spider:1: nicolae_spider_mines_1, worms_lemuel,
          hangedman_spider_tarantella_strand
Spider:2: layout_spider_delve, special_room [special_room_bee]
Spider:3: layout_spider_delve
Spider:4: spider_rune_water, dreamdust_wasp_nest
Orc:1:    layout_diamond_mine, basic_altar
Orc:2:    st_orc_rangers, layout_diamond_mine
Vaults:1: portal_desolation_entry_nicolae_slug, ontoclasm_vaults_loading_screen,
          vaults_room_grunt_arrival_checkpoint,
          nicolae_vaults_closet_pinwheel_5, vaults_dpeg_hooks, serial_ice_h,
          v_misc_26, nicolae_vaults_diagonal_hallway_6,
          nicolae_vaults_closet_pinwheel_4, nicolae_vaults_security_offices_3,
          nicolae_vaults_trapezoid_4, layout_vaults_omnigrid, serial_shops,
          nicolae_shop_behind_doors, shop, nicolae_shop_getting_attention,
          nicolae_shop_crystal
Vaults:2: gammafunk_ghost_wrathful_warriors, vaults_standard_mumra_x,
          hangedman_vaults_unwind, nicolae_vaults_triangles,
          minmay_crypt_entry_simple_plaza, nicolae_vaults_cochlea,
          nicolae_vaults_more_shelving_1, nicolae_vaults_storage_closets_2,
          layout_vaults_maze_snakey, nicolae_trove_entry_crystal, uniq_aizul
Vaults:3: nicolae_vaults_spaceships, nicolae_vaults_trapezoid_4,
          ontoclasm_vaults_chip, nicolae_vaults_tetromino_L_2,
          nicolae_vaults_you_can_take_it_with_you, vaults_room_door_ring,
          nicolae_vaults_little_ls, nicolae_vaults_trapezoid_3,
          nicolae_vaults_trapezoid_2, nicolae_vaults_theta,
          nicolae_vaults_sightless_eye, nicolae_vaults_house_2,
          nicolae_vaults_house_1, layout_vaults_ring, serial_shops,
          nicolae_shop_bloodbath_and_beyond
Vaults:4: hangedman_vaults_locks, ontoclasm_vaults_shout, nicolae_vaults_arrows,
          nicolae_vaults_yaktaur_gun_rack, nicolae_vaults_tangram_1,
          hangedman_vaults_slice, nicolae_vaults_six-pack,
          grunt_vaults_diagonal, vaults_room_pools, layout_vaults_chaotic_city
Vaults:5

Skill      XL: |  1  2  3  4  5  6  7  8  9 10 11 12 13 14 15 16 17 18 19 20 |
---------------+-------------------------------------------------------------+-----
Ranged Weapons | 5 6 7 8 9 10 12 13 15 17 18 21 22 | 22.0
Fighting       | 3 4 5 7 8 9 10 11 13 16 18 19 21 22 | 22.7
Armour         | 1 2 3 5 6 9 10 12 13 14 | 14.0
Dodging        | 2 3 4 5 6 7 9 10 11 12 13 | 13.0
Invocations    | 4 5 9 10 | 10.0
Stealth        | |  1.1

Action                     |  1- 3 |  4- 6 |  7- 9 | 10-12 | 13-15 | 16-18 | 19-21 || total
---------------------------+-------+-------+-------+-------+-------+-------+-------++-------
  Melee: Unarmed           |       |       |       |       |     1 |       |       ||     1
   Fire: Shortbow          |   117 |   121 |    99 |       |       |       |       ||   337
         Arbalest          |       |       |   107 |   477 |  1140 |   838 |       ||  2562
         Longbow           |       |       |       |       |       |   228 |       ||   228
         Triple crossbow   |       |       |       |       |       |   358 |   356 ||   714
         Heavy crossbow    |       |       |       |       |       |       |   151 ||   151
 Invoke: Heroism           |       |       |     6 |    24 |    40 |    46 |    22 ||   138
         Finesse           |       |       |       |     2 |     4 |     6 |     3 ||    15
    Use: Scroll            |     9 |     3 |     4 |     9 |     9 |    10 |     9 ||    53
         Potion            |       |       |     3 |       |     6 |     8 |     2 ||    19
 Armour: Leather armour    |    21 |     2 |       |       |       |       |       ||    23
         Ring mail         |       |    28 |    63 |   242 |   646 |  1116 |   370 ||  2465
         Skin              |       |       |       |       |     2 |       |       ||     2
  Dodge: Dodged            |    14 |    23 |    62 |   278 |  1094 |  1438 |   476 ||  3385

Table legend:
 A = Non-vault XP
 B = Vault XP
 C = Vault XP percentage of total XP
 D = Non-vault monster count
 E = Vault monster count
 F = Vault count percentage of total count
                 A         B        C        D         E       F
            +---------+---------+-------+---------+---------+-------
      Total |  286292 |  180436 |  38.7 |     877 |     415 |  32.1
            +---------+---------+-------+---------+---------+-------
        D:1 |      27 |       0 |   0.0 |      17 |       0 |   0.0
        D:2 |      35 |       6 |  14.6 |      13 |       3 |  18.8
        D:3 |     104 |      37 |  26.2 |      21 |       1 |   4.5
        D:4 |     438 |      31 |   6.6 |      20 |       9 |  31.0
        D:5 |     672 |    1318 |  66.2 |      15 |       6 |  28.6
        D:6 |     910 |     704 |  43.6 |      14 |      38 |  73.1
        D:7 |     612 |     471 |  43.5 |      11 |       1 |   8.3
        D:8 |    1218 |     362 |  22.9 |       6 |       9 |  60.0
        D:9 |    2957 |     464 |  13.6 |      28 |       2 |   6.7
       D:10 |    1817 |    2598 |  58.8 |      18 |      13 |  41.9
       D:11 |    2338 |       0 |   0.0 |      11 |       0 |   0.0
       D:12 |    5093 |    1481 |  22.5 |      19 |      23 |  54.8
       D:13 |     778 |    4182 |  84.3 |       8 |       7 |  46.7
       D:14 |    7439 |     884 |  10.6 |      19 |       1 |   5.0
       D:15 |   11395 |    3217 |  22.0 |      27 |       6 |  18.2
     Lair:1 |    5707 |     760 |  11.8 |      33 |       4 |  10.8
     Lair:2 |   10229 |     686 |   6.3 |      36 |       2 |   5.3
     Lair:3 |    5817 |    1260 |  17.8 |      17 |       3 |  15.0
     Lair:4 |   10146 |       0 |   0.0 |      32 |       0 |   0.0
     Lair:5 |   10734 |   10720 |  50.0 |      29 |      29 |  50.0
   Shoals:1 |   10432 |    2819 |  21.3 |      22 |       6 |  21.4
   Shoals:2 |    3341 |       0 |   0.0 |       7 |       0 |   0.0
   Shoals:3 |   23316 |    4732 |  16.9 |      44 |      11 |  20.0
   Spider:1 |   21022 |   12758 |  37.8 |      57 |      28 |  32.9
   Spider:2 |   29063 |     667 |   2.2 |      72 |       7 |   8.9
   Spider:3 |   26004 |     288 |   1.1 |      60 |       1 |   1.6
   Spider:4 |   18391 |   19166 |  51.0 |      42 |      40 |  48.8
      Orc:1 |    5640 |       0 |   0.0 |      42 |       0 |   0.0
      Orc:2 |    1866 |    4584 |  71.1 |      30 |      39 |  56.5
   Vaults:1 |   21823 |   12735 |  36.9 |      38 |      18 |  32.1
   Vaults:2 |    8868 |   36766 |  80.6 |      13 |      45 |  77.6
   Vaults:3 |   16315 |   16688 |  50.6 |      22 |      15 |  40.5
   Vaults:4 |   21745 |   39184 |  64.3 |      34 |      47 |  58.0
   Vaults:5 |       0 |     868 | 100.0 |       0 |       1 | 100.0
            +---------+---------+-------+---------+---------+-------
